 Dungeon Crawl Stone Soup version 0.30.1-11-g7821555f0a (webtiles) character file.

Game seed: 13895068784605262832

616249 jfcaron the Royal Jelly (level 27, -3/221 HPs)
             Began as a Gnoll Venom Mage on Oct 25, 2023.
             Was the Champion of Jiyva.
             Killed from afar by an ancient lich (103 damage)
             ... with a crystal spear
             ... on level 5 of the Realm of Zot on Nov 1, 2023.
             The game lasted 06:35:02 (60360 turns).

jfcaron the Royal Jelly (Gnoll Venom Mage)         Turns: 60360, Time: 06:35:03

Health: -3/221     AC: 42    Str: 19    XL:     27
Magic:  22/46      EV: 21    Int: 30    God:    Jiyva [******]
Gold:   136        SH: 17    Dex: 22    Spells: 7/65 levels left

rFire   + + +        a - +9 demon trident (elec)
rCold   + . .        Q - +1 kite shield {rC+ rF+}
rNeg    + + +        G - +8 pearl dragon scales
rPois   +            (helmet restricted)
rElec   +            g - +2 cloak {rPois}
rCorr   +            d - +3 pair of gauntlets of War {Slay+5}
SInv    .            f - +1 pair of boots
Will    +++..        n - macabre finger necklace {Finger+ rN+}
Stlth   ++++++       A - ring "Turepteh" {+Blink rF+ rCorr Str+6 Dex+2}
HPRegen 2.16/turn    t - ring of Butul {rN+ Will+ Str-2 Int+8}
MPRegen 0.80/turn    r - ring "Nughux" {Contam rElec rF+ rCorr Int+6}

%: no passive effects
@: death channelling, slimy, constricted, studying 2 skills
A: fangs 1, strong nose, distributed training, antennae 1, iridescent scales 3,
agile 1, fire resistance 1, mutation resistance 2, sense surroundings 1, shaggy
fur 2, eyeballs 1, gelatinous body 1, pseudopods 1, tendrils, engulf
}: 4/15 runes: serpentine, barnacled, slimy, silver
a: Renounce Religion, Evoke Blink, Oozemancy, Slimify


You were on level 5 of the Realm of Zot.
You worshipped Jiyva.
Jiyva was exalted by your worship.
You visited 11 branches of the dungeon, and saw 55 of its levels.
You also visited: Sewer, Gauntlet and Ice Cave.

You collected 7396 gold pieces.
You spent 7260 gold pieces at shops.

Inventory:

Hand Weapons
 a - a +9 demon trident of electrocution (weapon)
   (You bought it in a shop on level 2 of the Elven Halls)
 o - the +4 consecrated labrys {holy, Valiant Fragile Fly SInv}
   (You found it on level 4 of the Realm of Zot)

   Valiant:   It becomes more powerful as more dangerous foes come into view.
   SInv:      It lets you see invisible.
   Fly:       It grants you flight.
   Fragile:   It will be destroyed if unequipped.
Missiles
 b - 2 boomerangs (quivered)
 c - 12 boomerangs of dispersal {!f}
 z - 12 silver javelins {!f}
 E - 16 javelins
 R - 6 throwing nets {!f}
Armour
 d - the +3 pair of gauntlets of War (worn) {Slay+5}
   (You acquired it on level 2 of the Elven Halls)

   Slay:      It affects your accuracy & damage with ranged weapons and melee
   (+5).
 f - a +1 pair of boots (worn)
 g - a +2 cloak of poison resistance (worn)
   (You took it off a draconian shifter on level 1 of the Realm of Zot)
 G - +8 pearl dragon scales (worn)
 Q - a +1 kite shield of resistance (worn)
   (You took it off a naga warrior on level 4 of the Snake Pit)
 X - a +2 helmet of see invisible
   (You bought it in a shop on level 1 of the Vaults)
Jewellery
 n - the macabre finger necklace (around neck) {Finger+ rN+}
   (You took it off a deep elf master archer on level 3 of the Elven Halls)

   [amulet of nothing]

   Finger+:   It enables you to equip an extra ring.
   rN:        It protects you from negative energy.
 r - the ring "Nughux" (on amulet) {Contam rElec rF+ rCorr Int+6}
   (You found it in a Gauntlet)

   [ring of intelligence]

   Int:       It affects your intelligence (+6).
   rF:        It protects you from fire.
   rElec:     It insulates you from electricity.
   Contam:    It causes magical contamination when unequipped.
   rCorr:     It protects you from acid and corrosion.
 t - the ring of Butul (right hand) {rN+ Will+ Str-2 Int+8}
   (You found it on level 3 of the Crypt)

   [ring of positive energy]

   Str:       It affects your strength (-2).
   Int:       It affects your intelligence (+8).
   rN:        It protects you from negative energy.
   Will:      It increases your willpower.
 A - the ring "Turepteh" (left hand) {+Blink rF+ rCorr Str+6 Dex+2}
   (You took it off an ironbound preserver on level 5 of the Vaults)

   [ring of strength]

   Str:       It affects your strength (+6).
   Dex:       It affects your dexterity (+2).
   rF:        It protects you from fire.
   +Blink:    It lets you blink.
   rCorr:     It protects you from acid and corrosion.
Wands
 j - a wand of paralysis (25)
   (You found it on level 4 of the Dungeon)
 m - a wand of digging (8)
   (You bought it in a shop on level 8 of the Dungeon)
 F - a wand of iceblast (40)
   (You found it on level 4 of the Dungeon)
 T - a wand of light (23)
   (You found it on level 8 of the Dungeon)
Scrolls
 h - 7 scrolls of fog
 i - 5 scrolls of magic mapping
 p - 2 scrolls of noise
 s - 7 scrolls of vulnerability
 v - 16 scrolls of teleportation
 y - 4 scrolls of immolation
 K - 12 scrolls of fear
 N - 5 scrolls of poison
 U - 9 scrolls of amnesia
 V - 2 scrolls of blinking
 W - 2 scrolls of silence
Potions
 k - 14 potions of curing
 l - 3 potions of magic
 u - 4 potions of cancellation
 w - 8 potions of brilliance
 B - 11 potions of lignification
 C - 5 potions of invisibility
 D - 11 potions of mutation
 H - 4 potions of might
 I - 6 potions of resistance
 J - 9 potions of heal wounds
 M - a potion of flight
 S - 12 potions of ambrosia
 Y - 5 potions of haste
Miscellaneous
 e - a tin of tremorstones (1/2)
   (You bought it in a shop on level 2 of the Orcish Mines)
 q - a lightning rod (2/4)
   (You found it on level 3 of the Lair of Beasts)
 x - a box of beasts (inert)
   (You found it on level 9 of the Dungeon)
 L - a phantom mirror
   (You found it on level 1 of the Snake Pit)


   Skills:
 + Level 19.1 Fighting
 + Level 19.1 Short Blades
 + Level 19.1 Long Blades
 + Level 19.1 Axes
 + Level 20.3 Maces & Flails
 + Level 19.1 Polearms
 + Level 19.1 Staves
 + Level 19.1 Ranged Weapons
 + Level 20.4 Throwing
 + Level 19.1 Armour
 + Level 19.6 Dodging
 + Level 19.5 Stealth
 + Level 19.1 Shields
 + Level 19.1 Unarmed Combat
 + Level 19.7 Spellcasting
 + Level 16.3 Conjurations
 + Level 16.3 Hexes
 + Level 16.3 Summonings
 + Level 16.3 Necromancy
 + Level 16.3 Translocations
 + Level 16.4 Transmutations
 + Level 16.3 Fire Magic
 + Level 16.3 Ice Magic
 + Level 16.3 Air Magic
 + Level 16.3 Earth Magic
 + Level 17.1 Poison Magic
 + Level 20.7 Invocations
 + Level 19.1 Evocations


You had 7 spell levels left.
You knew the following spells:

 Your Spells              Type           Power      Damage    Failure   Level
a - Sting                 Tmut/Pois      100%       1d8       0%          1
b - Poisonous Vapours     Pois/Air       100%       N/A       0%          2
c - Cigotuvi's Dreadful   Necr/Pois/Air  100%       N/A       0%          2
d - Blink                 Tloc           100%       N/A       0%          2
e - Ignite Poison         Fire/Tmut/Pois 92%        N/A       0%          3
f - Orb of Destruction    Conj           45%        9d12      4%          7
g - Olgreb's Toxic Radia  Pois           93%        N/A       1%          4
h - Freezing Cloud        Conj/Ice/Air   45%        6-21      1%          5
i - Summon Lightning Spi  Summ/Air       91%        N/A       1%          4
j - Summon Forest         Summ/Tloc      45%        N/A       1%          5
k - Summon Cactus Giant   Summ           45%        N/A       1%          6
l - Yara's Violent Unrav  Hex/Tmut       45%        3d18      1%          5
m - Death Channel         Necr           45%        N/A       1%          6
n - Dispel Undead         Necr           91%        3d29      1%          4
o - Passwall              Tmut/Erth      75%        N/A       0%          2

Your spell library contained the following spells:

 Spells                   Type           Power      Damage    Failure   Level
 Foxfire                  Conj/Fire      100%       2x1d9     0%          1
 Kiss of Death            Conj/Necr      100%       2d13      0%          1
 Magic Dart               Conj           100%       1d8       0%          1
 Necrotise                Necr           100%       1d9       0%          1
 Sandblast                Erth           100%       2d20      0%          1
 Ensorcelled Hibernation  Hex/Ice        100%       N/A       0%          2
 Lesser Beckoning         Tloc           100%       N/A       0%          2
 Momentum Strike          Conj/Tloc      100%       3d10      0%          2
 Scorch                   Fire           100%       2d9       0%          2
 Static Discharge         Conj/Air       100%       2-7/arc   0%          2
 Confusing Touch          Hex            91%        N/A       0%          3
 Gell's Gravitas          Tloc           91%        N/A       0%          3
 Hailstorm                Conj/Ice       91%        3d18      0%          3
 Inner Flame              Hex/Fire       91%        N/A       0%          3
 Mephitic Cloud           Conj/Pois/Air  92%        N/A       0%          3
 Portal Projectile        Hex/Tloc       100%       N/A       0%          3
 Stone Arrow              Conj/Erth      100%       3d13      0%          3
 Summon Guardian Golem    Hex/Summ       91%        N/A       0%          3
 Swiftness                Air            91%        N/A       0%          3
 Teleport Other           Tloc           91%        N/A       0%          3
 Tukima's Dance           Hex            91%        N/A       0%          3
 Airstrike                Air            45%        2d(7-23)  1%          4
 Animate Armour           Summ/Erth      100%       N/A       1%          4
 Animate Dead             Necr           91%        N/A       1%          4
 Flame Wave               Conj/Fire      91%        2d19      1%          4
 Fulminant Prism          Conj/Hex       45%        3d21      1%          4
 Ice Form                 Ice/Tmut       91%        N/A       1%          4
 Manifold Assault         Tloc           91%        N/A       1%          4
 Passage of Golubria      Tloc           91%        N/A       1%          4
 Petrify                  Tmut/Erth      91%        N/A       1%          4
 Summon Ice Beast         Ice/Summ       91%        N/A       1%          4
 Agony                    Necr           91%        N/A       1%          5
 Arcjolt                  Conj/Air       45%        1d55      1%          5
 Blade Hands              Tmut           45%        N/A       1%          5
 Borgnjor's Vile Clutch   Necr/Erth      45%        N/A       1%          5
 Fireball                 Conj/Fire      45%        3d18      1%          5
 Iskenderun's Battlesphe  Conj           91%        2d14      1%          5
 Silence                  Hex/Air        45%        N/A       1%          5
 Conjure Ball Lightning   Conj/Air       45%        3x3d16    1%          6
 Eringya's Noxious Bog    Tmut/Pois      46%        N/A       1%          6
 Simulacrum               Ice/Necr       45%        N/A       1%          6
 Starburst                Conj/Fire      45%        6d13      1%          6
 Enfeeble                 Hex            45%        N/A       4%          7
 Haunt                    Necr/Summ      45%        N/A       4%          7
 Malign Gateway           Summ/Tloc      45%        N/A       4%          7
 Storm Form               Tmut/Air       45%        N/A       4%          7
 Summon Hydra             Summ           45%        N/A       4%          7
 Necromutation            Tmut/Necr      45%        N/A       30%         8
 Borgnjor's Revivificati  Necr           45%        N/A       32%         8
 Infestation              Necr           45%        N/A       32%         8
 Lehudib's Crystal Spear  Conj/Erth      45%        10d11     32%         8
 Chain Lightning          Conj/Air       45%        3d60      99%         9
 Death's Door             Necr           45%        N/A       99%         9
 Fire Storm               Conj/Fire      45%        8d12      99%         9
 Shatter                  Erth           45%        3d35*     99%         9


Dungeon Overview and Level Annotations

Branches:
Dungeon (15/15)            Temple (0/1) D:7            Lair (5/5) D:8
 Shoals (4/4) Lair:3        Snake (4/4) Lair:2        Slime (5/5) Lair:5
    Orc (2/2) D:10            Elf (3/3) Orc:2        Vaults (5/5) D:13
  Crypt (3/3) Vaults:2       Tomb (0/3) Crypt:3      Depths (4/4) D:15
    Zot (5/5) Depths:4      Sewer (visited)           IceCv (visited)
Gauntlet (visited)

Altars:
Ashenzari
Elyvilon
Fedhas
Hepliaklqana
Kikubaaqudgha
Makhleb
Nemelex Xobeh
Qazlal
Sif Muna
Trog
Uskayaw
Vehumet
Wu Jian
Xom
Yredelemnul
The Shining One
Jiyva

Shops:
D:6 *   D:8 *   D:9 (   D:10 (   Orc:2 [*(?   Elf:2 *   Elf:3 !?*([
Shoals:2 [   Snake:3 (   Snake:4 *   Vaults:1 *(*[:[   Zot:5 *   Depths:3 ?

Portals:
Hell: Depths:1 Depths:2 Depths:3 Depths:4
Abyss: Depths:3
Pandemonium: Depths:2 Depths:3
Ziggurat: Depths:2

Annotations:
Slime:5 Royal Jelly


Innate Abilities, Weirdness & Mutations

You have very sharp teeth.
Your uncanny sense of smell can sniff out nearby items.
Your experience applies equally to all skills.
You have a pair of small antennae on your head.
You are completely covered in iridescent scales. (AC +6)
You are agile. (Dex +4, Str/Int -1)
Your flesh is heat resistant. (rF+)
You are somewhat resistant to both further mutation and mutation removal.
You passively map a small area around you.
You are covered in thick fur. (AC +2)
Your body has grown eyes which may confuse attackers. (Acc +3)
Your rubbery body absorbs attacks. (AC +1, EV +1)
Armour fits poorly on your pseudopods.
You are covered in slimy tendrils that may disarm your opponents.
Your melee attacks may engulf your foes in ooze.


Message History

The orb of fire is engulfed in freezing vapours.
Your spectral black draconian hits the green draconian!
The Killer Klown says, "Come and play with me!"
The Killer Klown closely misses you.
You puncture the tentacled monstrosity!
You bludgeon the tentacled monstrosity, but do no damage.
The tentacled monstrosity is heavily wounded.
The orb of fire is engulfed in freezing vapours.
The tentacled monstrosity tentacle-slaps you but does no damage.
You block the tentacled monstrosity's attack.
The tentacled monstrosity tentacle-slaps you but does no damage.
The tentacled monstrosity constricts you.
The purple draconian breathes dispelling energy at your spectral draconian monk.
The bolt of dispelling energy hits your spectral draconian monk!!
A purple draconian comes into view. It is wielding a +0 battleaxe.
The orb of fire is engulfed in freezing vapours.
You hear a distant slurping noise.
You hit the tentacled monstrosity. You bludgeon the tentacled monstrosity.
The tentacled monstrosity is severely wounded.
You block the Killer Klown's attack. You block something's attack.
Your spectral black draconian misses the green draconian.
The orb of fire is engulfed in freezing vapours.
The green draconian is engulfed in freezing vapours.
The green draconian seems to slow down.
Your spectral draconian monk hits the purple draconian.
Your spectral draconian monk drains the purple draconian.
The purple draconian dies!
A glowing mist starts to gather...
The tentacled monstrosity tentacle-slaps you but does no damage.
The tentacled monstrosity completely misses you.
The tentacled monstrosity misses you.
The tentacled monstrosity constricts you.
You puncture the tentacled monstrosity!
Your bite misses the tentacled monstrosity.
You bludgeon the tentacled monstrosity, but do no damage.
The tentacled monstrosity is severely wounded.
You hear some strange, mumbled words.
A crystal spear appears from out of thin air!
The crystal spear hits you!!!!
You die...

##### ################ ....#
##..............## ...#*
##.......)........#* ...#
♣#^.................** ..##
♣...................,* ..#
♣........p.).?......,* ..##
#......)Z.@[.^......,* .Z.#
#.....^)†X{).......^,* ...##
#......).)*.d.......,*
....##♣........Z..Z§......,*
##..Z##♣........*§§§....,,**
##....♣#........§.§....,**
###........^...d......**
#▓▓▓▓▓▓▓▓▓▓▓##.....▓*
****,,,,^,,,,...,,,**


You could see 2 orbs of fire, a Killer Klown, a tentacled monstrosity (ally
target), a green draconian (slow, ally target), a purple draconian, a friendly
spectral black draconian, a friendly spectral purple draconian and a friendly
spectral draconian monk.

Vanquished Creatures
  2 dread liches
  3 ancient liches
  4 orbs of fire
  Sojobo (Crypt:1)
  2 Killer Klowns
  Xtahua (Crypt:1)
  Margery (Crypt:1)
  Bai Suzhen (Depths:2)
  4 curse toes
  12 golden dragons
  3 bone dragons
  Nikola (Snake:2)
  3 electric golems
  20 tentacled monstrosities
  A shard shrike skeleton (Crypt:3)
  9 Orb Guardians (Zot:5)
  4 liches
  2 deep elf blademasters (Elf:3)
  Mlioglotl (Shoals:4)
  6 titans
  10 sphinxes
  2 deep elf master archers (Elf:3)
  A kraken (Shoals:1)
  6 ancient champions
  9 quicksilver dragons
  6 death cobs
  Kirke (Snake:1)
  The ghost of Psyclone the Omniscient, an adept GnVM of Ashenzari (Snake:2)
  10 shadow dragons
  10 storm dragons
  A revenant (Crypt:2)
  8 draconian monks
  8 nagarajas (Snake:4)
  Donald (Snake:3)
  9 tengu reavers
  13 draconian knights
  3 iron dragons
  8 fire giants
  2 frost giants
  5 deep elf sorcerers
  3 ghost moths
  Aizul (Snake:3)
  2 balrugs
  19 vault wardens
  15 ghouls
  6 draconian scorchers
  2 caustic shrike zombies
  13 draconian shifters
  3 curse skulls
  A juggernaut zombie (Crypt:2)
  4 deep elf elementalists (Elf:3)
  6 draconian annihilators
  A spriggan defender (Depths:4)
  6 draconian stormcallers
  4 orc warlords
  13 ironbound preservers
  A war gargoyle (Vaults:5)
  11 vampire knights
  4 caustic shrike skeletons
  10 very ugly things
  12 stone giants
  15 green draconians
  9 deep elf demonologists
  9 ironbound thunderhulks
  7 dire elephants
  19 black draconians
  7 deep elf annihilators
  8 spark wasps
  17 purple draconians
  10 white draconians
  A minotaur (Shoals:1)
  8 red draconians
  16 yellow draconians
  6 merfolk javelineers (Shoals:4)
  14 deep elf death magi
  2 crystal guardians
  3 eidola
  A mummy priest (Crypt:1)
  A blizzard demon (Depths:4)
  10 fire dragons
  16 ettins
  A fire dragon (shapeshifter) (Vaults:5)
  9 great orbs of eyes
  3 entropy weavers
  Josephine (D:12)
  8 merfolk impalers
  A great orb of eyes (shapeshifter) (Depths:3)
  11 jiangshi
  2 fenstrider witch zombies
  3 deep elf high priests
  10 yaktaur captains
  9 hydras
  3 salamander tyrants (Snake:4)
  34 vault guards
  5 ice dragons
  3 peacekeepers
  2 spriggan air magi
  11 merfolk aquamancers
  4 alligator snapping turtles
  3 ogre magi
  7 ironbound frosthearts
  6 anacondas
  A merfolk avatar (Shoals:4)
  A fenstrider witch skeleton (Crypt:2)
  11 centaur warriors
  7 deep troll shamans
  The ghost of Patrick2011b the Fighter, a novice DgTm (D:9)
  4 death knights
  13 two-headed ogres
  3 satyrs
  12 naga warriors
  10 boulder beetles
  3 hell hogs (Depths:1)
  5 death yaks (Lair:3)
  9 vampire magi
  36 dancing weapons
  18 hell knights
  3 spriggan berserkers
  7 tengu warriors
  4 deep troll earth magi
  5 naga sharpshooters
  A storm dragon zombie (Crypt:1)
  5 shock serpents
  22 deep elf knights
  A spriggan (Depths:4)
  3 orc high priests
  Nergalle (Lair:1)
  4 sun demons
  9 soul eaters
  A shadow wraith (Vaults:5)
  6 salamander mystics
  4 sixfirhies (Gauntlet)
  A titan skeleton (Crypt:3)
  8 sea snakes
  7 iron trolls
  48 skeletal warriors
  A bunyip zombie (Crypt:1)
  2 skysharks
  A golden dragon zombie (Crypt:1)
  26 deep trolls
  An iron giant zombie (Crypt:2)
  2 glowing orange brains
  An orb spider (shapeshifter) (Depths:3)
  8 naga ritualists
  A steelbarb worm (shapeshifter) (Vaults:5)
  21 orc knights
  5 bog bodies
  17 harpies
  13 deep elf archers
  A tengu zombie (Vaults:3)
  12 wizards
  A shadow dragon zombie (Crypt:2)
  25 deep elf zephyrmancers
  5 flayed ghosts
  A sphinx zombie (Crypt:3)
  8 lindwurms
  A golden dragon skeleton (Crypt:3)
  17 phantasmal warriors
  19 ironbound convokers
  11 mana vipers
  11 necromancers
  39 deep elf pyromancers
  9 manticores
  A glowing shapeshifter (Depths:3)
  3 orc sorcerers
  A salamander (shapeshifter) (Elf:2)
  6 cyclopes
  22 salamanders
  12 fauns
  11 elephants
  37 moths of wrath
  12 centaur zombies
  A fire giant zombie (Crypt:3)
  An iron dragon skeleton (Crypt:3)
  An ice statue (IceCv)
  20 black mambas
  27 naga magi
  22 vault sentinels
  30 ugly things
  A dire elephant zombie (Crypt:1)
  A torpor snail (Lair:5)
  3 guardian serpents
  4 merfolk sirens
  A smoke demon (Depths:2)
  9 cane toads
  2 stone giant skeletons (Crypt:3)
  2 orange demons (Depths:3)
  A naga zombie (Crypt:3)
  12 water nymphs
  3 molten gargoyles (Lair:5)
  6 centaur skeletons
  A dire elephant skeleton (Crypt:3)
  An alligator snapping turtle zombie (Crypt:1)
  2 kobold demonologists (D:13)
  9 komodo dragons
  A black draconian zombie (Crypt:2)
  2 unseen horrors (D:11)
  A pale draconian zombie (Crypt:3)
  A rime drake (shapeshifter) (D:13)
  A rime drake (Lair:3)
  A hellion (Depths:1)
  12 ice devils
  6 tengu conjurers
  11 freezing wraiths
  3 minotaur zombies
  26 yaktaurs
  2 efreet
  2 catoblepas skeletons
  2 anaconda simulacra (IceCv)
  A queen bee (D:13)
  A polar bear (Lair:4)
  36 merfolk
  2 hornets
  5 trolls
  A troll (shapeshifter) (D:13)
  A harpy zombie (Crypt:3)
  A queen bee (shapeshifter) (D:13)
  A nameless horror (Vaults:1)
  8 meliai
  3 harpy skeletons
  A hellwing (Depths:3)
  7 wind drakes
  A death drake skeleton (Crypt:1)
  A floating eye (Depths:2)
  9 snapping turtles
  2 hydra skeletons
  12 slime creatures
  2 dream sheep (Shoals:4)
  21 blink frogs
  Sigmund (D:4)
  A slime creature (shapeshifter) (Depths:2)
  21 flying skulls
  A fire dragon skeleton (Crypt:1)
  A frost giant simulacrum (Vaults:3)
  8 shadows
  10 air elementals
  A black mamba zombie (Crypt:2)
  38 water elementals
  6 wyverns
  3 wraiths
  5 fire elementals
  9 humans (D:13)
  A dire elephant simulacrum (IceCv)
  A black mamba skeleton (Crypt:3)
  3 basilisks
  40 yaks
  3 hogs (Snake:1)
  2 redbacks (Vaults:2)
  2 steam dragons
  A hog (shapeshifter) (Elf:3)
  A golden eye (Slime:5)
  3 death yak simulacra (IceCv)
  An elf simulacrum (Vaults:3)
  A floating eye (shapeshifter) (Elf:3)
  8 vampire mosquitoes
  4 hydra simulacra
  4 wargs
  41 nagas
  3 harpy simulacra (IceCv)
  4 hell hounds (Lair:5)
  A water nymph skeleton (Crypt:2)
  An acid dragon (D:9)
  2 naga skeletons
  Duvessa (D:4)
  10 water moccasins
  A black bear (D:7)
  48 orc warriors
  A faun skeleton (Crypt:2)
  A glowing shapeshifter skeleton (Vaults:3)
  2 demonspawn skeletons
  2 ice beasts
  A tengu (Orc:2)
  19 wolves
  A boggart (Vaults:1)
  A lindwurm zombie (Crypt:1)
  4 centaurs
  7 ogres
  4 kobold brigands
  3 bullfrogs
  A wyvern zombie (Crypt:2)
  2 gnoll sergeants (D:11)
  2 scorpions (D:5)
  5 cane toad simulacra (IceCv)
  8 necrophages
  2 earth elementals
  17 wights
  A cyclops skeleton (Crypt:3)
  Dowan (D:4)
  28 killer bees
  4 elephant simulacra (IceCv)
  A polar bear zombie (Crypt:3)
  3 spriggan skeletons
  5 howler monkeys
  4 electric eels
  6 lava snakes
  231 jellies
  A hound (D:6)
  28 orc priests
  Crazy Yiuf (D:2)
  3 iguanas
  A basilisk skeleton (Crypt:1)
  2 sleepcaps
  Terence (D:3)
  29 orc wizards
  2 polar bear simulacra (IceCv)
  2 spriggan simulacra (IceCv)
  A troll simulacrum (IceCv)
  6 wolf simulacra (IceCv)
  2 boggart simulacra
  Robin (D:3)
  6 adders
  12 gnolls
  3 river rats
  5 shadow imps
  A white imp (D:7)
  5 ufetubi
  5 worms
  A dart slug (D:2)
  100 orcs
  4 bats
  9 endoplasms
  10 giant cockroaches
  14 goblins
  8 hobgoblins
  8 jackals
  4 quokkas
  8 ball pythons
  11 frilled lizards
  A gnoll skeleton (Crypt:2)
  A hobgoblin skeleton (Crypt:1)
  18 kobolds
  A kobold skeleton (Crypt:1)
  A quokka skeleton (Crypt:1)
  10 rats
  A rat skeleton (Crypt:3)
  13 snaplasher vines
  6 tentacles (Shoals:1)
2637 creatures vanquished.

Notes
Turn   | Place    | Note
-------+----------+-------------------------------------------
     0 | D:1      | jfcaron the Gnoll Venom Mage began the quest for the Orb.
     0 | D:1      | Reached XP level 1. HP: 13/13 MP: 6/6
   159 | D:1      | Reached XP level 2. HP: 18/19 MP: 5/7
   169 | D:1      | Learned a level 2 spell: Poisonous Vapours
   729 | D:1      | Reached skill level 5 in Spellcasting
   729 | D:1      | Reached XP level 3. HP: 25/25 MP: 6/9
   959 | D:1      | HP: 5/25 [poisoned by an adder]
   961 | D:1      | HP: 2/25 [kobold/+0 short sword (1)]
   966 | D:1      | Reached skill level 1 in Invocations
  1105 | D:2      | Reached skill level 1 in Fighting
  1105 | D:2      | Reached skill level 1 in Short Blades
  1105 | D:2      | Reached skill level 1 in Long Blades
  1105 | D:2      | Reached skill level 1 in Axes
  1105 | D:2      | Reached skill level 1 in Maces & Flails
  1105 | D:2      | Reached skill level 1 in Polearms
  1105 | D:2      | Reached skill level 1 in Staves
  1105 | D:2      | Reached skill level 1 in Ranged Weapons
  1105 | D:2      | Reached skill level 1 in Throwing
  1105 | D:2      | Reached skill level 1 in Armour
  1105 | D:2      | Reached skill level 1 in Shields
  1105 | D:2      | Reached skill level 1 in Unarmed Combat
  1105 | D:2      | Reached skill level 1 in Evocations
  1553 | D:2      | Reached XP level 4. HP: 32/32 MP: 4/11
  1720 | D:2      | Learned a level 2 spell: Cigotuvi's Dreadful Rot
  1978 | D:2      | Found a faded altar of an unknown god.
  2007 | D:2      | Prayed at the altar of an unknown god.
  2007 | D:2      | Became a worshipper of Elyvilon the Healer
  2007 | D:2      | Reached * piety under Elyvilon
  2027 | D:2      | Found a runed translucent door.
  2028 | D:2      | Noticed Crazy Yiuf
  2050 | D:2      | Killed Crazy Yiuf
  2051 | D:2      | Reached skill level 1 in Conjurations
  2051 | D:2      | Reached skill level 1 in Hexes
  2051 | D:2      | Reached skill level 1 in Summonings
  2051 | D:2      | Reached skill level 1 in Necromancy
  2051 | D:2      | Reached skill level 1 in Translocations
  2051 | D:2      | Reached skill level 1 in Fire Magic
  2051 | D:2      | Reached skill level 1 in Ice Magic
  2051 | D:2      | Reached skill level 1 in Air Magic
  2051 | D:2      | Reached skill level 1 in Earth Magic
  2220 | D:3      | Reached XP level 5. HP: 31/37 MP: 3/12
  2476 | D:3      | Noticed Terence
  2498 | D:3      | Killed Terence
  2633 | D:3      | Found a basalt altar of Yredelemnul.
  2641 | D:3      | Found a broken altar of Ashenzari.
  2651 | D:3      | Found a sparkling altar of Nemelex Xobeh.
  2655 | D:3      | Found a shimmering altar of Xom.
  2677 | D:3      | Found a bloodstained altar of Trog.
  2768 | D:3      | Noticed an ogre
  3040 | D:3      | Noticed Robin
  3046 | D:3      | Killed Robin
  3240 | D:4      | Found an ancient bone altar of Kikubaaqudgha.
  3288 | D:4      | Identified a scroll of acquirement
  3288 | D:4      | Acquired the ring "Jutudd" {Fire rElec rPois Str+3}
  3349 | D:4      | Learned a level 2 spell: Blink
  3362 | D:4      | Found an ornate altar of the Wu Jian Council.
  3389 | D:4      | Reached ** piety under Elyvilon
  3400 | D:4      | Found a radiant altar of Vehumet.
  3402 | D:4      | Found a shimmering blue altar of Sif Muna.
  3408 | D:4      | Got Vehumet's Directory of Battling
  3565 | D:4      | Noticed Sigmund
  3591 | D:4      | Killed Sigmund
  3592 | D:4      | Reached skill level 5 in Dodging
  3592 | D:4      | Reached XP level 6. HP: 34/44 MP: 1/14
  3825 | D:4      | Learned a level 3 spell: Ignite Poison
  3829 | D:4      | Learned a level 3 spell: Mephitic Cloud
  3906 | D:4      | Noticed Dowan
  3908 | D:4      | Noticed Duvessa
  3924 | D:4      | Killed Duvessa
  3925 | D:4      | Reached XP level 7. HP: 28/51 MP: 15/15
  3931 | D:4      | Killed Dowan
  4532 | D:5      | Entered Level 5 of the Dungeon
  4536 | D:5      | Noticed a steam dragon
  4547 | D:5      | Killed a steam dragon
  4548 | D:5      | Reached skill level 5 in Stealth
  4707 | D:5      | Reached XP level 8. HP: 37/58 MP: 2/16
  4711 | D:5      | HP: 6/58 [orc priest/divine providence (15)]
  4874 | D:4      | Learned a level 4 spell: Olgreb's Toxic Radiance
  5649 | D:5      | Noticed a yak
  5652 | D:5      | Noticed a yak
  5652 | D:5      | Noticed a yak
  5657 | D:5      | Killed a yak
  5658 | D:5      | Killed a yak
  5658 | D:5      | Killed a yak
  5659 | D:5      | Reached XP level 9. HP: 65/65 MP: 8/18
  5753 | D:5      | Reached *** piety under Elyvilon
  5936 | D:6      | Found a glowing drain.
  5940 | Sewer    | Entered a sewer
  6222 | Sewer    | Found a viscous altar of Jiyva.
  6322 | Sewer    | Fell from the grace of Elyvilon
  6322 | Sewer    | Became a worshipper of Jiyva Jefyuvan the Shapeless
  6765 | D:6      | Found a hide-covered altar of Uskayaw.
  6841 | D:6      | Found Cutaoholoo's Assorted Antiques.
  6845 | D:6      | Bought a fizzy golden potion for 25 gold pieces
  6870 | D:6      | Reached * piety under Jiyva
  7023 | D:6      | Found a hazy altar of Hepliaklqana.
  7277 | D:6      | Bought a scroll of identify for 56 gold pieces
  7277 | D:6      | Bought a potion of curing for 84 gold pieces
  7641 | D:7      | Reached ** piety under Jiyva
  7643 | D:7      | Found a staircase to the Ecumenical Temple.
  7875 | D:7      | Reached skill level 5 in Invocations
  8373 | D:8      | Found Ijued's Overcharged Wands.
  8454 | D:8      | Found a glowing golden altar of the Shining One.
  8485 | D:8      | Found a staircase to the Lair.
  8676 | D:8      | Reached *** piety under Jiyva
  8691 | D:8      | Reached skill level 5 in Fighting
  8691 | D:8      | Reached skill level 5 in Short Blades
  8691 | D:8      | Reached skill level 5 in Long Blades
  8691 | D:8      | Reached skill level 5 in Axes
  8691 | D:8      | Reached skill level 5 in Maces & Flails
  8691 | D:8      | Reached skill level 5 in Polearms
  8691 | D:8      | Reached skill level 5 in Staves
  8691 | D:8      | Reached skill level 5 in Ranged Weapons
  8691 | D:8      | Reached skill level 5 in Throwing
  8691 | D:8      | Reached skill level 5 in Armour
  8691 | D:8      | Reached skill level 5 in Shields
  8691 | D:8      | Reached skill level 5 in Unarmed Combat
  8691 | D:8      | Reached skill level 5 in Evocations
  8691 | D:8      | Reached XP level 10. HP: 74/74 MP: 20/20
  8693 | D:8      | Noticed a two-headed ogre
  8709 | D:8      | Killed a two-headed ogre
  8721 | D:8      | Gained mutation: You are partially covered in iridescent
                  | scales. (AC +2) [Jiyva's grace]
  8721 | D:8      | Gained mutation: You are mostly covered in iridescent
                  | scales. (AC +4) [Jiyva's grace]
  8721 | D:8      | Gained mutation: You are completely covered in iridescent
                  | scales. (AC +6) [Jiyva's grace]
  8721 | D:8      | Gained mutation: Your movements are slightly less
                  | encumbered by armour. (ER -2) [Jiyva's grace]
  8846 | D:8      | Found a blossoming altar of Fedhas.
  8907 | D:9      | Reached skill level 5 in Transmutations
  8933 | D:9      | Found Zeokis's Weapon Shoppe.
  9197 | D:9      | Found a transporter.
  9199 | D:9      | Noticed a two-headed ogre
  9199 | D:9      | Noticed a two-headed ogre
  9199 | D:9      | Identified the +6 dire flail of Ybeut {flame, Str+3 Int-3
                  | Dex+8}
  9199 | D:9      | Identified the +1 dire flail of the Genius {elec, *Corrode
                  | rPois rN+}
  9199 | D:9      | Noticed a two-headed ogre
  9207 | D:9      | Noticed a two-headed ogre
  9216 | D:9      | Noticed a two-headed ogre
  9263 | D:9      | Reached **** piety under Jiyva
  9412 | D:9      | Noticed Patrick2011b's ghost (novice DgTm)
  9414 | D:9      | Found a transporter.
  9930 | D:10     | Entered Level 10 of the Dungeon
 10002 | D:10     | Noticed a two-headed ogre
 10012 | D:10     | Killed a two-headed ogre
 10013 | D:10     | Reached skill level 5 in Conjurations
 10013 | D:10     | Reached skill level 5 in Hexes
 10013 | D:10     | Reached skill level 5 in Summonings
 10013 | D:10     | Reached skill level 5 in Necromancy
 10013 | D:10     | Reached skill level 5 in Translocations
 10013 | D:10     | Reached skill level 5 in Fire Magic
 10013 | D:10     | Reached skill level 5 in Ice Magic
 10013 | D:10     | Reached skill level 5 in Air Magic
 10013 | D:10     | Reached skill level 5 in Earth Magic
 10013 | D:10     | Reached XP level 11. HP: 81/81 MP: 14/22
 10055 | D:10     | Found a burning altar of Makhleb.
 10120 | D:10     | Found Tykue's Antique Weapon Boutique.
 10265 | D:10     | Found a staircase to the Orcish Mines.
 10318 | D:10     | Lost mutation: Your movements are slightly less encumbered
                  | by armour. (ER -2) [Jiyva's grace]
 10318 | D:10     | Gained mutation: You expend magic power (3 MP) to
                  | strengthen your wands. [Jiyva's grace]
 10318 | D:10     | Gained mutation: You passively dampen the noise of your
                  | surroundings. [Jiyva's grace]
 10318 | D:10     | Gained mutation: You have sharp fingernails. [Jiyva's
                  | grace]
 10318 | D:10     | Gained mutation: You have very sharp fingernails. [Jiyva's
                  | grace]
 10346 | D:10     | Reached ***** piety under Jiyva
 10922 | D:11     | Noticed a two-headed ogre
 10927 | D:11     | Killed a two-headed ogre
 11344 | Lair:1   | Entered Level 1 of the Lair of Beasts
 11528 | Lair:1   | Reached ****** piety under Jiyva
 11610 | Lair:1   | Lost mutation: You are completely covered in iridescent
                  | scales. (AC +6) [Jiyva's grace]
 11610 | Lair:1   | Lost mutation: You are mostly covered in iridescent scales.
                  | (AC +4) [Jiyva's grace]
 11610 | Lair:1   | Gained mutation: Your body has grown eyes which may confuse
                  | attackers. (Acc +3) [Jiyva's grace]
 11610 | Lair:1   | Gained mutation: Your body has grown many eyes which may
                  | confuse attackers. (Acc +5) [Jiyva's grace]
 11610 | Lair:1   | Gained mutation: Your body is covered in eyes which may
                  | confuse attackers. (Acc +7, SInv) [Jiyva's grace]
 11610 | Lair:1   | Gained mutation: Your mind is acute. (Int +4, Str/Dex -1)
                  | [Jiyva's grace]
 11671 | Lair:1   | Noticed Nergalle
 11682 | Lair:1   | Killed Nergalle
 11683 | Lair:1   | Reached XP level 12. HP: 79/91 MP: 8/24
 12730 | Lair:2   | Found a staircase to the Snake Pit.
 12880 | Lair:2   | Noticed an eight-headed hydra
 12893 | Lair:2   | Killed a seven-headed hydra
 13264 | Lair:2   | Learned a level 5 spell: Freezing Cloud
 13459 | Lair:3   | Noticed a five-headed hydra
 13469 | Lair:3   | Killed a three-headed hydra
 13499 | Lair:3   | Noticed a four-headed hydra
 13517 | Lair:3   | Killed a one-headed hydra
 13518 | Lair:3   | Reached XP level 13. HP: 97/98 MP: 26/26
 13815 | Lair:3   | Lost mutation: Your body is covered in eyes which may
                  | confuse attackers. (Acc +7, SInv) [Jiyva's grace]
 13815 | Lair:3   | Lost mutation: You expend magic power (3 MP) to strengthen
                  | your wands. [Jiyva's grace]
 13815 | Lair:3   | Gained mutation: Armour fits poorly on your pseudopods.
                  | [Jiyva's grace]
 13815 | Lair:3   | Gained mutation: Armour fits poorly on your large
                  | pseudopods. [Jiyva's grace]
 13815 | Lair:3   | Gained mutation: Armour fits poorly on your massive
                  | pseudopods. [Jiyva's grace]
 13815 | Lair:3   | Gained mutation: You expend magic power (3 MP) to
                  | strengthen your wands. [Jiyva's grace]
 13839 | Lair:3   | Found a staircase to the Shoals.
 14849 | Lair:4   | Acquired 1296 gold pieces
 14983 | D:8      | Bought a wand of iceblast (18) for 648 gold pieces
 15057 | D:10     | Bought a pitted long sword for 255 gold pieces
 15057 | D:10     | Identified the +5 long sword of Rioramig {heavy, rN++ rCorr
                  | Int-4 Stlth+} (You bought it in a shop on level 10 of the
                  | Dungeon)
 15212 | Lair:5   | Entered Level 5 of the Lair of Beasts
 15221 | Lair:5   | Reached skill level 10 in Spellcasting
 15262 | Lair:5   | Lost mutation: You have very sharp fingernails. [Jiyva's
                  | grace]
 15262 | Lair:5   | Lost mutation: You have sharp fingernails. [Jiyva's grace]
 15262 | Lair:5   | Lost mutation: Your body has grown many eyes which may
                  | confuse attackers. (Acc +5) [Jiyva's grace]
 15262 | Lair:5   | Lost mutation: Armour fits poorly on your massive
                  | pseudopods. [Jiyva's grace]
 15262 | Lair:5   | Lost mutation: You expend magic power (3 MP) to strengthen
                  | your wands. [Jiyva's grace]
 15262 | Lair:5   | Lost mutation: You passively dampen the noise of your
                  | surroundings. [Jiyva's grace]
 15262 | Lair:5   | Gained mutation: You are robust. (+10% HP) [Jiyva's grace]
 15262 | Lair:5   | Gained mutation: You are very robust. (+20% HP) [Jiyva's
                  | grace]
 15262 | Lair:5   | Gained mutation: You are extremely robust. (+30% HP)
                  | [Jiyva's grace]
 15262 | Lair:5   | Gained mutation: You have a pair of small antennae on your
                  | head. [Jiyva's grace]
 15339 | Lair:5   | Found a staircase to the Slime Pits.
 15339 | Lair:5   | Found a viscous altar of Jiyva.
 15351 | Slime:1  | Entered Level 1 of the Pits of Slime
 15351 | Slime:1  | Noticed an acid blob
 15385 | Slime:1  | Noticed an acid blob
 15387 | Slime:1  | Noticed a great orb of eyes
 15387 | Slime:1  | Noticed an acid blob
 15599 | Slime:2  | Noticed an azure jelly
 15601 | Slime:2  | Noticed an azure jelly
 15603 | Slime:3  | Noticed a quicksilver ooze
 15603 | Slime:3  | Noticed an azure jelly
 15615 | Slime:4  | Noticed an acid blob
 15616 | Slime:5  | Entered Level 5 of the Pits of Slime
 15616 | Slime:5  | Noticed a quicksilver ooze
 15626 | Slime:5  | Noticed a quicksilver ooze
 15630 | Slime:5  | Found a viscous altar of Jiyva.
 15630 | Slime:5  | Noticed a great orb of eyes
 15631 | Slime:5  | Noticed an acid blob
 15631 | Slime:5  | Noticed an acid blob
 15631 | Slime:5  | Noticed the Royal Jelly
 15632 | Slime:5  | Noticed a quicksilver ooze
 15632 | Slime:5  | Noticed a great orb of eyes
 15632 | Slime:5  | Noticed an acid blob
 15633 | Slime:5  | Noticed a great orb of eyes
 15633 | Slime:5  | Noticed a rockslime
 15636 | Slime:5  | Noticed an azure jelly
 15643 | Slime:5  | Noticed an acid blob
 15643 | Slime:5  | Noticed an acid blob
 15646 | Slime:5  | Noticed a rockslime
 15647 | Slime:5  | Noticed an acid blob
 15647 | Slime:5  | Noticed a great orb of eyes
 15648 | Slime:5  | Noticed an acid blob
 15654 | Slime:5  | Got Sif Muna's Catalogue of the Geodesic
 15655 | Slime:5  | Identified the staff of cold "Fiwabyil" {rC+ rN+ Int+3
                  | SInv}
 15656 | Slime:5  | Identified the amulet "Ofudud" {Acrobat rF+ Dex-2 SInv}
 15657 | Slime:5  | Identified the +12 plate armour "Vogiubri" {rN+++ Str-5
                  | Int+3}
 15659 | Slime:5  | Noticed an acid blob
 15666 | Slime:5  | Got the Excursus on Calefaction and the Geologist
 15668 | Slime:5  | Identified the +0 ring mail "Noenueri" {Dex+2}
 15670 | Slime:5  | Noticed an acid blob
 15677 | Slime:5  | Identified the +4 fire dragon scales "Ifes" {rF++ rC-
                  | Dex+2}
 15679 | Slime:5  | Got a slimy rune of Zot
 15680 | Slime:5  | Identified the ring of the Lumpy Places {MP+9 SInv}
 15687 | Slime:5  | Got the Disquisition on Bodies and Angles
 15690 | Slime:5  | Got A Compilation from the Archmaster to jfcaron
 15691 | Slime:5  | Identified the +6 battleaxe "Vary" {heavy, rC+}
 15700 | Slime:5  | Identified the +7 great sword of Koazaett {heavy, Str+6}
 15727 | Slime:5  | Noticed an acid blob
 15827 | Slime:4  | Noticed an acid blob
 15838 | Slime:2  | Noticed an acid blob
 15904 | Lair:5   | Reached skill level 10 in Dodging
 16018 | Lair:5   | Reached skill level 10 in Stealth
 16048 | Lair:5   | Found a large runed translucent door.
 16048 | Lair:5   | Found a large runed translucent door.
 16073 | Lair:5   | HP: 19/131 [komodo dragon (10)]
 16079 | Lair:5   | Reached XP level 14. HP: 60/140 MP: 24/28
 16092 | Lair:5   | Reached skill level 10 in Invocations
 16982 | Lair:5   | jfcaron: ??order
 16982 | Lair:5   | beem: hyperelliptic[1/2]: D:11 -> Lair -> D:12 -> Orc ->
                  | D:15 -> S:3 -> maybe other S:3 -> get both S runes -> maybe
                  | Elf (but not the Elf:3 vault) -> Vaults:4 -> maybe Crypt ->
                  | Depths:4 -> Vaults:5 -> maybe Slime -> Zot ("S" means
                  | Shoals/Snake/Spider/Swamp)
 17285 | D:12     | Noticed Josephine
 17296 | D:12     | Killed Josephine
 17496 | D:12     | Identified the +2 chain mail of Cocytus {Rampage rC++
                  | Regen+ Dex-2}
 17982 | Orc:1    | Entered Level 1 of the Orcish Mines
 18107 | Orc:1    | Lost mutation: You have a pair of small antennae on your
                  | head. [Jiyva's grace]
 18107 | Orc:1    | Lost mutation: You are partially covered in iridescent
                  | scales. (AC +2) [Jiyva's grace]
 18107 | Orc:1    | Lost mutation: You are extremely robust. (+30% HP) [Jiyva's
                  | grace]
 18107 | Orc:1    | Lost mutation: Armour fits poorly on your large pseudopods.
                  | [Jiyva's grace]
 18107 | Orc:1    | Gained mutation: You are covered in slimy tendrils that may
                  | disarm your opponents. [Jiyva's grace]
 18107 | Orc:1    | Gained mutation: You have a small jelly attached to you
                  | that may absorb projectiles. [Jiyva's grace]
 18107 | Orc:1    | Gained mutation: You have a small jelly attached to you
                  | that senses nearby items. [Jiyva's grace]
 18107 | Orc:1    | Gained mutation: You are strong-willed. (Will+) [Jiyva's
                  | grace]
 18401 | Orc:2    | Entered Level 2 of the Orcish Mines
 18405 | Orc:2    | Found a frozen archway.
 18426 | IceCv    | Entered an ice cave
 18452 | IceCv    | Learned a level 4 spell: Summon Lightning Spire
 18458 | IceCv    | Learned a level 5 spell: Summon Forest
 18793 | IceCv    | Reached skill level 10 in Poison Magic
 18877 | IceCv    | Reached skill level 10 in Fighting
 18877 | IceCv    | Reached skill level 10 in Short Blades
 18877 | IceCv    | Reached skill level 10 in Long Blades
 18877 | IceCv    | Reached skill level 10 in Axes
 18877 | IceCv    | Reached skill level 10 in Maces & Flails
 18877 | IceCv    | Reached skill level 10 in Polearms
 18877 | IceCv    | Reached skill level 10 in Staves
 18877 | IceCv    | Reached skill level 10 in Ranged Weapons
 18877 | IceCv    | Reached skill level 10 in Throwing
 18877 | IceCv    | Reached skill level 10 in Armour
 18877 | IceCv    | Reached skill level 10 in Shields
 18877 | IceCv    | Reached skill level 10 in Unarmed Combat
 18877 | IceCv    | Reached skill level 10 in Evocations
 18912 | IceCv    | Found an ancient bone altar of Kikubaaqudgha.
 19218 | Orc:2    | Found Lisukhla's Armour Boutique.
 19225 | Orc:2    | Reached XP level 15. HP: 138/138 MP: 24/30
 19244 | Orc:2    | Found Onietufienk's Assorted Antiques.
 19319 | Orc:2    | Found Kynovutz's Weapon Boutique.
 19322 | Orc:2    | Found Eguly's Magic Scroll Emporium.
 19354 | Orc:2    | Found a staircase to the Elven Halls.
 20228 | Orc:2    | Bought a +1 pair of boots for 161 gold pieces
 20292 | Orc:2    | Bought a scroll of blinking for 105 gold pieces
 20327 | Orc:2    | Bought a tin of tremorstones (2/2) for 1200 gold pieces
 20327 | Orc:2    | Bought a wand of iceblast (2) for 144 gold pieces
 20814 | D:13     | Lost mutation: Armour fits poorly on your pseudopods.
                  | [Jiyva's grace]
 20814 | D:13     | Lost mutation: You are covered in slimy tendrils that may
                  | disarm your opponents. [Jiyva's grace]
 20814 | D:13     | Gained mutation: You have acidic saliva. [Jiyva's grace]
 20814 | D:13     | Gained mutation: You are covered in slimy tendrils that may
                  | disarm your opponents. [Jiyva's grace]
 20814 | D:13     | Gained mutation: Your mind is very acute. (Int +8, Str/Dex
                  | -2) [Jiyva's grace]
 20814 | D:13     | Gained mutation: You have a pair of small antennae on your
                  | head. [Jiyva's grace]
 20977 | D:13     | Noticed Nessos
 20978 | D:13     | Nessos changed into Nessos the shapeshifter
 20978 | D:13     | Noticed Nessos
 20979 | D:13     | Nessos the shapeshifter changed into Nessos the queen bee
 20979 | D:13     | Noticed Nessos (shapeshifter)
 20981 | D:13     | Killed Nessos the queen bee
 21070 | D:13     | Found a gate to the Vaults.
 21449 | D:14     | Found a gate leading to a gauntlet.
 21480 | Gauntlet | Entered a Gauntlet
 21480 | Gauntlet | Found a transporter.
 21480 | Gauntlet | Found a transporter.
 21498 | Gauntlet | Found a transporter.
 21498 | Gauntlet | Found a transporter.
 21501 | Gauntlet | Found a transporter.
 21520 | Gauntlet | Found a transporter.
 21525 | Gauntlet | Found a transporter.
 21586 | Gauntlet | Found a transporter.
 21586 | Gauntlet | Found a transporter.
 21586 | Gauntlet | Found a transporter.
 21586 | Gauntlet | Identified the +0 helmet "Geff" {Str+5}
 21612 | Gauntlet | Found a transporter.
 21638 | Gauntlet | Found a runed translucent door.
 21649 | Gauntlet | Found a transporter.
 21653 | Gauntlet | Found a transporter.
 21702 | Gauntlet | Identified the ring "Nughux" {Contam rElec rF+ rCorr Int+6}
 21724 | Gauntlet | a minotaur changed into a ghost moth
 21724 | Gauntlet | Noticed a ghost moth
 21734 | Gauntlet | Killed a ghost moth
 22284 | D:15     | Entered Level 15 of the Dungeon
 22426 | D:15     | Reached XP level 16. HP: 110/148 MP: 27/32
 22426 | D:15     | Found a staircase to the Depths.
 22610 | D:15     | Found a broken altar of Ashenzari.
 23077 | D:15     | Lost mutation: You have a pair of small antennae on your
                  | head. [Jiyva's grace]
 23077 | D:15     | Lost mutation: You are very robust. (+20% HP) [Jiyva's
                  | grace]
 23077 | D:15     | Lost mutation: You have acidic saliva. [Jiyva's grace]
 23077 | D:15     | Lost mutation: You have a small jelly attached to you that
                  | may absorb projectiles. [Jiyva's grace]
 23077 | D:15     | Gained mutation: Your muscles are strong. (Str +4, Int/Dex
                  | -1) [Jiyva's grace]
 23077 | D:15     | Gained mutation: Your muscles are very strong. (Str +8,
                  | Int/Dex -2) [Jiyva's grace]
 23077 | D:15     | Gained mutation: You possess an exceptional clarity of
                  | mind. [Jiyva's grace]
 23077 | D:15     | Gained mutation: You are somewhat resistant to further
                  | mutation. [Jiyva's grace]
 23457 | D:9      | Killed Patrick2011b's ghost
 23484 | D:9      | Identified the amulet of Moderation {RegenMP rPois}
 23494 | D:9      | Upgraded the game from 0.30.1-9-gdf580d7c3d to
                  | 0.30.1-10-g1249ef9ec4
 23605 | Snake:1  | Entered Level 1 of the Snake Pit
 24003 | Snake:1  | Noticed Kirke
 24018 | Snake:1  | Killed Kirke
 24664 | Snake:2  | Reached skill level 10 in Transmutations
 24679 | Snake:2  | Found a runed translucent door.
 24679 | Snake:2  | Found a shimmering altar of Xom.
 24679 | Snake:2  | Noticed Psyclone's ghost (adept GnVM)
 24679 | Snake:2  | Found the amulet of the Air {Inacc Air Fly rElec RMsl}
 24692 | Snake:2  | Lost mutation: You possess an exceptional clarity of mind.
                  | [Jiyva's grace]
 24692 | Snake:2  | Lost mutation: Your mind is very acute. (Int +8, Str/Dex
                  | -2) [Jiyva's grace]
 24692 | Snake:2  | Lost mutation: You are strong-willed. (Will+) [Jiyva's
                  | grace]
 24692 | Snake:2  | Lost mutation: You are somewhat resistant to further
                  | mutation. [Jiyva's grace]
 24692 | Snake:2  | Lost mutation: You have a small jelly attached to you that
                  | senses nearby items. [Jiyva's grace]
 24692 | Snake:2  | Gained mutation: Your body has grown many eyes which may
                  | confuse attackers. (Acc +5) [Jiyva's grace]
 24692 | Snake:2  | Gained mutation: Your body is covered in eyes which may
                  | confuse attackers. (Acc +7, SInv) [Jiyva's grace]
 24692 | Snake:2  | Gained mutation: You have extremely sharp teeth. [Jiyva's
                  | grace]
 24692 | Snake:2  | Gained mutation: You have razor-sharp teeth. [Jiyva's
                  | grace]
 24813 | Snake:2  | Noticed Nikola
 24824 | Snake:2  | Killed Nikola
 25087 | Snake:2  | Found a shimmering altar of Xom.
 25648 | Snake:2  | HP: 23/134 [+2 glaive of chaos (17)]
 25651 | Snake:2  | Reached XP level 17. HP: 21/143 MP: 31/33
 25656 | Snake:2  | Killed Psyclone's ghost
 25666 | Snake:2  | Identified the +12 spear "Hydrabane" {heavy, Str-3 Int+2
                  | Dex+3}
 25668 | Snake:2  | jfcaron: ??amulet of the air
 25668 | Snake:2  | beem: amulet of the air[1/1]: Gives an Air spell
                  | {enhancer}, increasing the power of all your Air spells by
                  | 50%, in exchange for {inaccuracy}. Also some other bonuses.
                  | Was just {Inacc +Fly rElec EV+5 RMsl} [no enhancer] in
                  | 0.26-.
 25668 | Snake:2  | jfcaron: ??inacurracy
 25668 | Snake:2  | beem: inacurracy ~ inaccuracy ~ amulet of inaccuracy[1/1]:
                  | 0.26- amulet that gave -5 to-hit for everything (melee,
                  | spells, etc), equal to Ru's Sacrifice Eye. Bad! The effect
                  | survives on the {amulet of the air}.
 25730 | Snake:3  | Noticed Aizul
 25741 | Snake:3  | Killed Aizul
 25770 | Snake:3  | Noticed Donald
 25779 | Snake:3  | Killed Donald
 25783 | Snake:3  | Reached skill level 10 in Conjurations
 25783 | Snake:3  | Reached skill level 10 in Hexes
 25783 | Snake:3  | Reached skill level 10 in Summonings
 25783 | Snake:3  | Reached skill level 10 in Necromancy
 25783 | Snake:3  | Reached skill level 10 in Translocations
 25783 | Snake:3  | Reached skill level 10 in Fire Magic
 25783 | Snake:3  | Reached skill level 10 in Ice Magic
 25783 | Snake:3  | Reached skill level 10 in Air Magic
 25783 | Snake:3  | Reached skill level 10 in Earth Magic
 25825 | Snake:3  | Found a broken altar of Ashenzari.
 25940 | Snake:3  | Found Oxei's Weapon Shoppe.
 26473 | Snake:3  | Upgraded the game from 0.30.1-10-g1249ef9ec4 to
                  | 0.30.1-11-g7821555f0a
 26496 | Snake:4  | Entered Level 4 of the Snake Pit
 26598 | Snake:4  | Found Lanu's General Store.
 26605 | Snake:4  | Lost mutation: Your mind is acute. (Int +4, Str/Dex -1)
                  | [Jiyva's grace]
 26605 | Snake:4  | Lost mutation: Your body is covered in eyes which may
                  | confuse attackers. (Acc +7, SInv) [Jiyva's grace]
 26605 | Snake:4  | Gained mutation: Your melee attacks may engulf your foes in
                  | ooze. [Jiyva's grace]
 26605 | Snake:4  | Gained mutation: Your translucent skin slightly reduces
                  | your foes' accuracy. (Stealth+) [Jiyva's grace]
 26605 | Snake:4  | Gained mutation: Your translucent skin reduces your foes'
                  | accuracy. (Stealth+) [Jiyva's grace]
 26605 | Snake:4  | Gained mutation: Your transparent skin significantly
                  | reduces your foes' accuracy. (Stealth+) [Jiyva's grace]
 26934 | Snake:4  | Got a serpentine rune of Zot
 27150 | Snake:4  | Reached XP level 18. HP: 94/155 MP: 25/35
 27728 | Shoals:1 | Entered Level 1 of the Shoals
 27899 | Shoals:1 | Found a hide-covered altar of Uskayaw.
 28077 | Shoals:1 | HP: 24/149 [poisoned by a sea snake]
 29025 | Shoals:2 | Found Zuocyd's Armour Shoppe.
 29254 | Shoals:2 | Lost mutation: You have razor-sharp teeth. [Jiyva's grace]
 29254 | Shoals:2 | Lost mutation: Your muscles are very strong. (Str +8,
                  | Int/Dex -2) [Jiyva's grace]
 29254 | Shoals:2 | Lost mutation: Your transparent skin significantly reduces
                  | your foes' accuracy. (Stealth+) [Jiyva's grace]
 29254 | Shoals:2 | Lost mutation: Your translucent skin reduces your foes'
                  | accuracy. (Stealth+) [Jiyva's grace]
 29254 | Shoals:2 | Lost mutation: You are covered in slimy tendrils that may
                  | disarm your opponents. [Jiyva's grace]
 29254 | Shoals:2 | Lost mutation: Your melee attacks may engulf your foes in
                  | ooze. [Jiyva's grace]
 29254 | Shoals:2 | Gained mutation: Your natural rate of healing is unusually
                  | fast. [Jiyva's grace]
 29254 | Shoals:2 | Gained mutation: You heal very quickly. [Jiyva's grace]
 29254 | Shoals:2 | Gained mutation: You regenerate. [Jiyva's grace]
 29254 | Shoals:2 | Gained mutation: You are very robust. (+20% HP) [Jiyva's
                  | grace]
 30393 | Shoals:4 | Entered Level 4 of the Shoals
 30565 | Shoals:4 | Noticed a titan
 30583 | Shoals:4 | Identified the ring "Ynko" {rC+ rCorr Str+6}
 30585 | Shoals:4 | Killed a titan
 30615 | Shoals:4 | Got the Handbook of Big Damage
 30622 | Shoals:4 | Got a barnacled rune of Zot
 30646 | Shoals:4 | Reached XP level 19. HP: 169/178 MP: 34/37
 30671 | Shoals:4 | Paralysed by an air elemental for 1 turns
 30675 | Shoals:4 | Paralysed by an air elemental for 1 turns
 30832 | Shoals:4 | Noticed Mlioglotl
 30851 | Shoals:4 | Killed Mlioglotl
 30931 | Shoals:4 | Found a stormy altar of Qazlal.
 31128 | Shoals:4 | Paralysed by an air elemental for 1 turns
 31313 | Shoals:4 | jfcaron: ??order
 31313 | Shoals:4 | beem: hyperelliptic[1/2]: D:11 -> Lair -> D:12 -> Orc ->
                  | D:15 -> S:3 -> maybe other S:3 -> get both S runes -> maybe
                  | Elf (but not the Elf:3 vault) -> Vaults:4 -> maybe Crypt ->
                  | Depths:4 -> Vaults:5 -> maybe Slime -> Zot ("S" means
                  | Shoals/Snake/Spider/Swamp)
 31796 | Snake:4  | Bought a potion of curing for 30 gold pieces
 32015 | Orc:2    | Bought 2 silver javelins for 198 gold pieces
 32015 | Orc:2    | Bought 2 boomerangs for 44 gold pieces
 32030 | Elf:1    | Entered Level 1 of the Elven Halls
 32137 | Elf:1    | Identified the +0 whip of the Fray {venom, rCorr Int+2}
 32211 | Elf:1    | Noticed a Hell Sentinel
 32282 | Elf:1    | Got Xuvoet's Spellbook of the Swarm
 32396 | Elf:1    | Identified the +1 ring mail of the Sun {Str+6}
 32474 | Elf:1    | Lost mutation: You regenerate. [Jiyva's grace]
 32474 | Elf:1    | Gained mutation: Your translucent skin reduces your foes'
                  | accuracy. (Stealth+) [Jiyva's grace]
 32474 | Elf:1    | Gained mutation: Your transparent skin significantly
                  | reduces your foes' accuracy. (Stealth+) [Jiyva's grace]
 32474 | Elf:1    | Gained mutation: Your rubbery body absorbs attacks. (AC +1,
                  | EV +1) [Jiyva's grace]
 32474 | Elf:1    | Gained mutation: Your pliable body absorbs attacks. (AC +2,
                  | EV +2) [Jiyva's grace]
 32882 | Elf:1    | Paralysed by an air elemental for 1 turns
 33166 | Elf:2    | Found Culux's General Store.
 33213 | Elf:2    | Acquired the +3 pair of gauntlets of War {Slay+5}
 33213 | Elf:2    | Found the +3 pair of gauntlets of War {Slay+5}
 33255 | Elf:2    | Paralysed by an air elemental for 1 turns
 33262 | Elf:2    | Paralysed by an air elemental for 1 turns
 33444 | Elf:2    | Found a runed translucent gate.
 33444 | Elf:2    | Found a runed translucent gate.
 33445 | Elf:2    | Found a runed translucent gate.
 33525 | Elf:2    | Reached skill level 15 in Invocations
 33558 | Elf:2    | Found a radiant altar of Vehumet.
 33773 | Elf:2    | Reached XP level 20. HP: 184/189 MP: 29/38
 33835 | Elf:2    | HP: 26/178 [+4 battleaxe of flaming (33)]
 34370 | Elf:2    | Bought a +0 demon trident for 255 gold pieces
 34381 | Elf:2    | Bought a scroll of enchant weapon for 127 gold pieces
 34389 | Elf:3    | Entered Level 3 of the Elven Halls
 34499 | Elf:3    | Found Goaggimu's General Store.
 34533 | Elf:3    | Bought a potion of heal wounds for 70 gold pieces
 34533 | Elf:3    | Bought a scroll of blinking for 105 gold pieces
 34590 | Elf:3    | Found Giruas's Armour Boutique.
 34598 | Elf:3    | Found Udasmay's Weapon Emporium.
 34657 | Elf:3    | Found a radiant altar of Vehumet.
 34701 | Elf:3    | Found Seomeo's Distillery.
 34706 | Elf:3    | Found Utoggula's Magic Scroll Shoppe.
 34718 | Elf:3    | Bought a scroll of teleportation for 39 gold pieces
 34718 | Elf:3    | Bought a scroll of teleportation for 39 gold pieces
 34740 | Elf:3    | Reached skill level 15 in Spellcasting
 35048 | Elf:3    | Identified the +2 falchion of the Leaping Visionary {heavy,
                  | Contam rElec rC+ MP+9}
 35050 | Elf:3    | Identified the +9 falchion of Doom {pain, +Blink rPois rC++
                  | Stlth-}
 35057 | Elf:3    | Identified the amulet "Rabujumo" {Reflect Int+5 SH+5}
 35064 | Elf:3    | Reached skill level 15 in Dodging
 35110 | Elf:3    | Got Ereshkigal's Grimoire of Open Graves
 35136 | Elf:3    | Reached skill level 15 in Stealth
 35157 | Elf:3    | Identified the staff of poison "Veskasow" {+Blink rPois
                  | Int+3 Dex+3}
 35165 | Elf:3    | Identified the staff of poison "Beunivunt" {rPois rF+ rN+
                  | Will+}
 35172 | Elf:3    | Identified the staff of air "Nefiucve" {*Corrode rElec rF+
                  | rN++}
 35176 | Elf:3    | Got the Disquisition on Glowing Charms
 35208 | Elf:3    | Identified the ring "Usenewn" {Wiz +Blink rCorr}
 35371 | Elf:3    | Learned a level 6 spell: Summon Cactus Giant
 35377 | Elf:3    | Learned a level 5 spell: Yara's Violent Unravelling
 35384 | Elf:3    | Learned a level 6 spell: Death Channel
 35645 | Vaults:1 | Entered Level 1 of the Vaults
 35648 | Vaults:1 | Found Igu Neko's Weapon Shop.
 35715 | Vaults:1 | Found Ofoweops's General Store.
 35715 | Vaults:1 | Lost mutation: You have extremely sharp teeth. [Jiyva's
                  | grace]
 35715 | Vaults:1 | Lost mutation: You heal very quickly. [Jiyva's grace]
 35715 | Vaults:1 | Lost mutation: You are very robust. (+20% HP) [Jiyva's
                  | grace]
 35715 | Vaults:1 | Lost mutation: Your muscles are strong. (Str +4, Int/Dex
                  | -1) [Jiyva's grace]
 35715 | Vaults:1 | Lost mutation: Your body has grown many eyes which may
                  | confuse attackers. (Acc +5) [Jiyva's grace]
 35715 | Vaults:1 | Lost mutation: Your transparent skin significantly reduces
                  | your foes' accuracy. (Stealth+) [Jiyva's grace]
 35715 | Vaults:1 | Gained mutation: You have acidic saliva. [Jiyva's grace]
 35715 | Vaults:1 | Gained mutation: You are agile. (Dex +4, Str/Int -1)
                  | [Jiyva's grace]
 35715 | Vaults:1 | Gained mutation: You are very agile. (Dex +8, Str/Int -2)
                  | [Jiyva's grace]
 35715 | Vaults:1 | Gained mutation: Your gelatinous body deflects attacks. (AC
                  | +3, EV +3) [Jiyva's grace]
 35729 | Vaults:1 | Bought a potion of curing for 48 gold pieces
 35788 | Vaults:1 | Found Ewneges's Antique Armour Emporium.
 35842 | Vaults:1 | Found Fioxokh's Assorted Antiques.
 35857 | Vaults:1 | Reached XP level 21. HP: 165/182 MP: 30/40
 35881 | Vaults:1 | Bought a scroll of teleportation for 117 gold pieces
 36056 | Vaults:1 | Found Uryutuon's Armour Shoppe.
 36136 | Vaults:1 | Found Hisourapn's Book Boutique.
 37162 | Vaults:2 | Found a staircase to the Crypt.
 37611 | Vaults:2 | Found the +18 shield of the Gong {Loud rN+ Will+ rCorr
                  | EV-5}
 37844 | Vaults:2 | Reached skill level 15 in Fighting
 37844 | Vaults:2 | Reached skill level 15 in Short Blades
 37844 | Vaults:2 | Reached skill level 15 in Long Blades
 37844 | Vaults:2 | Reached skill level 15 in Axes
 37844 | Vaults:2 | Reached skill level 15 in Maces & Flails
 37844 | Vaults:2 | Reached skill level 15 in Polearms
 37844 | Vaults:2 | Reached skill level 15 in Staves
 37844 | Vaults:2 | Reached skill level 15 in Ranged Weapons
 37844 | Vaults:2 | Reached skill level 15 in Throwing
 37844 | Vaults:2 | Reached skill level 15 in Armour
 37844 | Vaults:2 | Reached skill level 15 in Shields
 37844 | Vaults:2 | Reached skill level 15 in Unarmed Combat
 37844 | Vaults:2 | Reached skill level 15 in Evocations
 37861 | Vaults:2 | Lost mutation: You are robust. (+10% HP) [Jiyva's grace]
 37861 | Vaults:2 | Lost mutation: Your gelatinous body deflects attacks. (AC
                  | +3, EV +3) [Jiyva's grace]
 37861 | Vaults:2 | Lost mutation: Your translucent skin reduces your foes'
                  | accuracy. (Stealth+) [Jiyva's grace]
 37861 | Vaults:2 | Gained mutation: Your body has grown many eyes which may
                  | confuse attackers. (Acc +5) [Jiyva's grace]
 37861 | Vaults:2 | Gained mutation: Your body is covered in eyes which may
                  | confuse attackers. (Acc +7, SInv) [Jiyva's grace]
 37861 | Vaults:2 | Gained mutation: Armour fits poorly on your pseudopods.
                  | [Jiyva's grace]
 37861 | Vaults:2 | Gained mutation: Armour fits poorly on your large
                  | pseudopods. [Jiyva's grace]
 39584 | Vaults:4 | Lost mutation: You are very agile. (Dex +8, Str/Int -2)
                  | [Jiyva's grace]
 39584 | Vaults:4 | Lost mutation: Your pliable body absorbs attacks. (AC +2,
                  | EV +2) [Jiyva's grace]
 39584 | Vaults:4 | Lost mutation: Armour fits poorly on your large pseudopods.
                  | [Jiyva's grace]
 39584 | Vaults:4 | Gained mutation: Your flesh is heat resistant. (rF+)
                  | [Jiyva's grace]
 39584 | Vaults:4 | Gained mutation: Your flesh is very heat resistant. (rF++)
                  | [Jiyva's grace]
 39584 | Vaults:4 | Gained mutation: Your flesh is almost immune to the effects
                  | of heat. (rF+++) [Jiyva's grace]
 39584 | Vaults:4 | Gained mutation: You possess an exceptional clarity of
                  | mind. [Jiyva's grace]
 39770 | Vaults:4 | Reached XP level 22. HP: 56/175 MP: 21/42
 40709 | Vaults:4 | jfcaron: ??order
 40709 | Vaults:4 | beem: hyperelliptic[1/2]: D:11 -> Lair -> D:12 -> Orc ->
                  | D:15 -> S:3 -> maybe other S:3 -> get both S runes -> maybe
                  | Elf (but not the Elf:3 vault) -> Vaults:4 -> maybe Crypt ->
                  | Depths:4 -> Vaults:5 -> maybe Slime -> Zot ("S" means
                  | Shoals/Snake/Spider/Swamp)
 41142 | Elf:3    | jfcaron: @??lich
 41142 | Elf:3    | beem: lich (L)
                  | Spd:
    10 | HD: 20   | HP: 66-91
                  | AC/EV:
                  | 10/10
                  | Dam: 15(drain)
                  | undead, doors, evil, spellcaster,
                  | see invisible, unbreathing
                  | Res: will(invuln), cold++,
                  | poison+++, drown, miasma, neg+++, torm
                  | Vul: holy
                  | XP:
                  | 1743
                  | Sp: b.cold (3d29), o.destruction (9d18 / 9d19),
                  | haste, slow, invisibility
                  | Sz: Medium
                  | Int: human.
 41142 | Elf:3    | jfcaron: ??silence
 41142 | Elf:3    | beem: silence[1/5]: Kills all sound in an area up to 6
                  | spaces, mostly this means no spellcasting, scrolls and
                  | invocations (including Trog abilities). All G*8&12345R are
                  | unaffected, as are spit and breath spells. Lvl. 5 hex/air
                  | spell in the books of Enchantments and Sky. The radius
                  | gradually decreases and for the last few turns only you
                  | will be silenced!
 41549 | Crypt:1  | Entered Level 1 of the Crypt
 41580 | Crypt:1  | Noticed Margery
 41594 | Crypt:1  | Killed Margery
 41640 | Crypt:1  | Noticed Xtahua
 41652 | Crypt:1  | Killed Xtahua
 41759 | Crypt:1  | Found a basalt altar of Yredelemnul.
 41862 | Crypt:1  | Noticed Sojobo
 41871 | Crypt:1  | Paralysed by an air elemental for 1 turns
 41881 | Crypt:1  | Killed Sojobo
 41970 | Crypt:1  | Found an ancient bone altar of Kikubaaqudgha.
 42175 | Crypt:1  | Lost mutation: You possess an exceptional clarity of mind.
                  | [Jiyva's grace]
 42175 | Crypt:1  | Lost mutation: Your body is covered in eyes which may
                  | confuse attackers. (Acc +7, SInv) [Jiyva's grace]
 42175 | Crypt:1  | Lost mutation: Your translucent skin slightly reduces your
                  | foes' accuracy. (Stealth+) [Jiyva's grace]
 42175 | Crypt:1  | Gained mutation: You are somewhat resistant to further
                  | mutation. [Jiyva's grace]
 42175 | Crypt:1  | Gained mutation: You are somewhat resistant to both further
                  | mutation and mutation removal. [Jiyva's grace]
 42175 | Crypt:1  | Gained mutation: You are almost entirely resistant to
                  | further mutation and mutation removal. [Jiyva's grace]
 42175 | Crypt:1  | Gained mutation: You are covered in fur. (AC +1) [Jiyva's
                  | grace]
 42578 | Crypt:1  | Learned a level 4 spell: Dispel Undead
 42650 | Crypt:1  | HP: 32/177 [something (12)]
 42655 | Crypt:1  | HP: 17/177 [something (5)]
 42853 | Crypt:2  | HP: 33/177 [something (6)]
 43814 | Crypt:2  | Reached XP level 23. HP: 103/183 MP: 43/43
 44249 | Crypt:3  | Entered Level 3 of the Crypt
 44458 | Crypt:3  | Gained mutation: You have an increased reservoir of magic.
                  | (+10% MP) [Jiyva's grace]
 44458 | Crypt:3  | Gained mutation: You have a considerably increased
                  | reservoir of magic. (+20% MP) [Jiyva's grace]
 44458 | Crypt:3  | Gained mutation: You have a greatly increased reservoir of
                  | magic. (+30% MP) [Jiyva's grace]
 44458 | Crypt:3  | Gained mutation: Your translucent skin slightly reduces
                  | your foes' accuracy. (Stealth+) [Jiyva's grace]
 44571 | Crypt:3  | Found a basalt altar of Yredelemnul.
 44743 | Crypt:3  | Noticed a dread lich
 44754 | Crypt:3  | Killed a dread lich
 44771 | Crypt:3  | Got the Atlas of the Mausoleum
 44773 | Crypt:3  | Got the Reference Book on the Birds
 44774 | Crypt:3  | Identified the amulet "Rozxuan" {rC- Will++ Regen+ Dex+5}
 44774 | Crypt:3  | Identified the ring "Reku" {rN+ Int+5}
 44774 | Crypt:3  | Identified the ring of Butul {rN+ Will+ Str-2 Int+8}
 44778 | Crypt:3  | Got Liohoxur's Secrets of Untold Secrets
 45070 | Crypt:3  | jfcaron: !lg . won god=Jivya*
 45070 | Crypt:3  | beem: No games for jfcaron (won god=Jivya*).
 45070 | Crypt:3  | jfcaron: !lg . won god=Xom
 45070 | Crypt:3  | beem: 1. jfcaron the Conqueror (L27 HOCK of Xom), escaped
                  | with the Orb and 4 runes on 2022-08-05 08:35:50, with
                  | 2475564 points after 67370 turns and 4:57:26.
 45070 | Crypt:3  | jfcaron: !lg . won god=Jiyva
 45070 | Crypt:3  | beem: 1. jfcaron the Gnoll Blade (L27 GnMo of Jiyva),
                  | escaped with the Orb and 4 runes on 2022-08-01 08:18:02,
                  | with 2617513 points after 59022 turns and 5:58:45.
 45070 | Crypt:3  | jfcaron: !lg . won god=Jiyva -1
 45070 | Crypt:3  | beem: 1. jfcaron the Gnoll Blade (L27 GnMo of Jiyva),
                  | escaped with the Orb and 4 runes on 2022-08-01 08:18:02,
                  | with 2617513 points after 59022 turns and 5:58:45.
 45154 | Crypt:3  | Found a staircase to the Tomb.
 45243 | Crypt:3  | Identified the +3 flail of Ugirr {freeze, rElec Str+7
                  | Int-4}
 45935 | Shoals:2 | Bought +2 pearl dragon scales for 1300 gold pieces
 46619 | Orc:2    | Bought a scroll of enchant armour for 105 gold pieces
 46754 | Elf:3    | jfcaron: ??order
 46754 | Elf:3    | beem: hyperelliptic[1/2]: D:11 -> Lair -> D:12 -> Orc ->
                  | D:15 -> S:3 -> maybe other S:3 -> get both S runes -> maybe
                  | Elf (but not the Elf:3 vault) -> Vaults:4 -> maybe Crypt ->
                  | Depths:4 -> Vaults:5 -> maybe Slime -> Zot ("S" means
                  | Shoals/Snake/Spider/Swamp)
 47137 | Depths:1 | Entered Level 1 of the Depths
 47167 | Depths:1 | Found an ancient bone altar of Kikubaaqudgha.
 47260 | Depths:1 | Identified the ring of Ruanwaxt {rCorr Int+5}
 47267 | Depths:1 | Found a gateway to Hell.
 47275 | Depths:1 | Reached skill level 15 in Poison Magic
 47370 | Depths:1 | Found a white marble altar of Elyvilon.
 47507 | Depths:1 | Lost mutation: Your natural rate of healing is unusually
                  | fast. [Jiyva's grace]
 47507 | Depths:1 | Lost mutation: You are covered in fur. (AC +1) [Jiyva's
                  | grace]
 47507 | Depths:1 | Lost mutation: You have acidic saliva. [Jiyva's grace]
 47507 | Depths:1 | Lost mutation: Your body has grown many eyes which may
                  | confuse attackers. (Acc +5) [Jiyva's grace]
 47507 | Depths:1 | Gained mutation: Your muscles are strong. (Str +4, Int/Dex
                  | -1) [Jiyva's grace]
 47507 | Depths:1 | Gained mutation: Your muscles are very strong. (Str +8,
                  | Int/Dex -2) [Jiyva's grace]
 47507 | Depths:1 | Gained mutation: Your body has grown many eyes which may
                  | confuse attackers. (Acc +5) [Jiyva's grace]
 47507 | Depths:1 | Gained mutation: Your body is covered in eyes which may
                  | confuse attackers. (Acc +7, SInv) [Jiyva's grace]
 47766 | Depths:1 | Learned a level 7 spell: Orb of Destruction
 47817 | Depths:2 | Found a one-way gateway to a ziggurat.
 47832 | Depths:2 | Reached XP level 24. HP: 179/193 MP: 56/57
 47896 | Depths:2 | Identified the +7 quarterstaff of Slow Death {drain, rPois}
 48225 | Depths:2 | Noticed Bai Suzhen
 48242 | Depths:2 | Killed Bai Suzhen
 48390 | Depths:2 | Found a one-way gate leading to the halls of Pandemonium.
 48654 | Depths:3 | Found Jotz's Magic Scroll Shop.
 48900 | Depths:3 | Found a glowing golden altar of the Shining One.
 48972 | Depths:3 | Found a one-way gate to the infinite horrors of the Abyss.
 49281 | Depths:3 | Noticed an ancient lich
 49296 | Depths:3 | Killed an ancient lich
 49411 | Depths:4 | Entered Level 4 of the Depths
 49415 | Depths:4 | Lost mutation: You are almost entirely resistant to further
                  | mutation and mutation removal. [Jiyva's grace]
 49415 | Depths:4 | Lost mutation: Your muscles are very strong. (Str +8,
                  | Int/Dex -2) [Jiyva's grace]
 49415 | Depths:4 | Lost mutation: Your body is covered in eyes which may
                  | confuse attackers. (Acc +7, SInv) [Jiyva's grace]
 49415 | Depths:4 | Gained mutation: Your body is covered in eyes which may
                  | confuse attackers. (Acc +7, SInv) [Jiyva's grace]
 49415 | Depths:4 | Gained mutation: You are covered in fur. (AC +1) [Jiyva's
                  | grace]
 49415 | Depths:4 | Gained mutation: You are covered in thick fur. (AC +2)
                  | [Jiyva's grace]
 49415 | Depths:4 | Gained mutation: Your thick and shaggy fur keeps you warm.
                  | (AC +3, rC+) [Jiyva's grace]
 49810 | Depths:4 | Found a gate to the Realm of Zot.
 50753 | Depths:4 | jfcaron: ??order
 50753 | Depths:4 | beem: hyperelliptic[1/2]: D:11 -> Lair -> D:12 -> Orc ->
                  | D:15 -> S:3 -> maybe other S:3 -> get both S runes -> maybe
                  | Elf (but not the Elf:3 vault) -> Vaults:4 -> maybe Crypt ->
                  | Depths:4 -> Vaults:5 -> maybe Slime -> Zot ("S" means
                  | Shoals/Snake/Spider/Swamp)
 50756 | Depths:4 | Learned a level 2 spell: Passwall
 51096 | Vaults:5 | Entered Level 5 of the Vaults
 51116 | Vaults:5 | Reached XP level 25. HP: 193/201 MP: 58/58
 51195 | Vaults:5 | Identified the staff of air "Wykh" {rElec Str+2 Dex+2}
 51239 | Vaults:5 | Identified the amulet "Qegol" {RegenMP Dex+5}
 51409 | Vaults:5 | Identified the +3 halberd of the Brewing Fool {pain, rPois}
 51493 | Vaults:5 | Reached skill level 15 in Transmutations
 51597 | Vaults:5 | Noticed an ancient lich
 51604 | Vaults:5 | Killed an ancient lich
 51605 | Vaults:5 | Noticed an ancient lich
 51610 | Vaults:5 | Identified the ring "Turepteh" {+Blink rF+ rCorr Str+6
                  | Dex+2}
 51610 | Vaults:5 | Identified the +0 plate armour of Foolhardiness {rPois}
 51616 | Vaults:5 | Reached skill level 15 in Conjurations
 51616 | Vaults:5 | Reached skill level 15 in Hexes
 51616 | Vaults:5 | Reached skill level 15 in Summonings
 51616 | Vaults:5 | Reached skill level 15 in Necromancy
 51616 | Vaults:5 | Reached skill level 15 in Translocations
 51616 | Vaults:5 | Reached skill level 15 in Fire Magic
 51616 | Vaults:5 | Reached skill level 15 in Ice Magic
 51616 | Vaults:5 | Reached skill level 15 in Air Magic
 51616 | Vaults:5 | Reached skill level 15 in Earth Magic
 51620 | Vaults:5 | Killed an ancient lich
 51633 | Vaults:5 | Identified the +5 chain mail "Boceg" {Fly}
 51796 | Vaults:5 | Lost mutation: Your flesh is almost immune to the effects
                  | of heat. (rF+++) [Jiyva's grace]
 51796 | Vaults:5 | Lost mutation: You have a greatly increased reservoir of
                  | magic. (+30% MP) [Jiyva's grace]
 51796 | Vaults:5 | Lost mutation: You have a considerably increased reservoir
                  | of magic. (+20% MP) [Jiyva's grace]
 51796 | Vaults:5 | Lost mutation: Your muscles are strong. (Str +4, Int/Dex
                  | -1) [Jiyva's grace]
 51796 | Vaults:5 | Lost mutation: Your body is covered in eyes which may
                  | confuse attackers. (Acc +7, SInv) [Jiyva's grace]
 51796 | Vaults:5 | Gained mutation: Your melee attacks may engulf your foes in
                  | ooze. [Jiyva's grace]
 51796 | Vaults:5 | Gained mutation: You are covered in slimy tendrils that may
                  | disarm your opponents. [Jiyva's grace]
 51796 | Vaults:5 | Gained mutation: You passively map a small area around you.
                  | [Jiyva's grace]
 51796 | Vaults:5 | Gained mutation: You passively map the area around you.
                  | [Jiyva's grace]
 51808 | Vaults:5 | Identified the staff of fire "Ytoiriam" {rElec rF+}
 51817 | Vaults:5 | Identified the +0 battleaxe of Causality {heavy, Contam rF-
                  | rCorr SInv}
 51877 | Vaults:5 | Got a silver rune of Zot
 51910 | Vaults:5 | Identified the +2 flail "Conservator" {drain, Will- rCorr
                  | Int+3 Dex+4}
 51912 | Vaults:5 | Identified the staff of cold "Ytanipse" {rPois rC+}
 52358 | Vaults:5 | Identified the +5 plate armour "Xutuir" {*Corrode rN++
                  | Regen+ Stlth+}
 52364 | Vaults:5 | Identified the +4 quarterstaff "Woqah" {vamp, Dex+6}
 53003 | Vaults:1 | Bought a glowing helmet for 247 gold pieces
 53005 | Vaults:1 | Bought a glowing helmet for 247 gold pieces
 53192 | D:8      | Bought a wand of digging (11) for 693 gold pieces
 53314 | Orc:2    | Bought a scroll of enchant armour for 225 gold pieces
 54544 | Zot:1    | Entered Level 1 of the Realm of Zot
 54713 | Zot:2    | Reached XP level 26. HP: 206/211 MP: 49/50
 54863 | Zot:3    | Noticed an orb of fire
 54863 | Zot:3    | Noticed an orb of fire
 54874 | Zot:3    | Killed an orb of fire
 54877 | Zot:3    | Killed an orb of fire
 55110 | Zot:4    | HP: 37/211 [??? (18)]
 55233 | Zot:4    | Noticed a Killer Klown
 55247 | Zot:4    | Killed a Killer Klown
 55296 | Zot:4    | Found the +4 consecrated labrys {holy, Valiant Fragile Fly
                  | SInv}
 56226 | Zot:3    | Lost mutation: Your flesh is very heat resistant. (rF++)
                  | [Jiyva's grace]
 56226 | Zot:3    | Lost mutation: You have an increased reservoir of magic.
                  | (+10% MP) [Jiyva's grace]
 56226 | Zot:3    | Lost mutation: You passively map the area around you.
                  | [Jiyva's grace]
 56226 | Zot:3    | Lost mutation: Your thick and shaggy fur keeps you warm.
                  | (AC +3, rC+) [Jiyva's grace]
 56226 | Zot:3    | Lost mutation: Your body has grown many eyes which may
                  | confuse attackers. (Acc +5) [Jiyva's grace]
 56226 | Zot:3    | Lost mutation: Your translucent skin slightly reduces your
                  | foes' accuracy. (Stealth+) [Jiyva's grace]
 56226 | Zot:3    | Gained mutation: You are partially covered in iridescent
                  | scales. (AC +2) [Jiyva's grace]
 56226 | Zot:3    | Gained mutation: You are mostly covered in iridescent
                  | scales. (AC +4) [Jiyva's grace]
 56226 | Zot:3    | Gained mutation: You are completely covered in iridescent
                  | scales. (AC +6) [Jiyva's grace]
 56226 | Zot:3    | Gained mutation: You have a pair of small antennae on your
                  | head. [Jiyva's grace]
 57491 | Zot:2    | Reached XP level 27. HP: 207/219 MP: 46/46
 59130 | D:8      | Bought a wand of digging (11) for 693 gold pieces
 60033 | Zot:5    | Entered Level 5 of the Realm of Zot
 60035 | Zot:5    | Found Feywkaeh's Changing Room.
 60257 | Zot:5    | Noticed a dread lich
 60266 | Zot:5    | Killed a dread lich
 60296 | Zot:5    | Noticed an orb of fire
 60306 | Zot:5    | Killed an orb of fire
 60316 | Zot:5    | Noticed an orb of fire
 60331 | Zot:5    | Killed an orb of fire
 60347 | Zot:5    | Noticed an ancient lich
 60353 | Zot:5    | Noticed an orb of fire
 60355 | Zot:5    | Noticed an orb of fire
 60360 | Zot:5    | Killed from afar by an ancient lich

Illustrated notes

Levels and vault maps discovered:
D:1:      lightli_arrival_maybe_door_vault, layout_basic, grunt_decor_one_mirror
D:2:      layout_basic, ebering_ecumenical_altar_ruins, roderic_roman_lattice,
          st_stairs_11, uniq_crazy_yiuf_cottage
D:3:      layout_loops_ring, minmay_overflow_temple_star_hex, uniq_terence,
          uniq_robin
D:4:      layout_loops_ring, grunt_temple_overflow_magic_moments,
          nicolae_wu_jian_immortal_techniques, uniq_duvessa, uniq_sigmund
D:5:      layout_loops_cross
D:6:      layout_loops_ring, lemuel_doored_altar,
          mainiacjoe_overflow_six_doors_small, serial_shops, shop,
          gup_sewer_entry_bowl
D:7:      layout_basic, temple_pool_b, minmay_misc_feat_tower,
          minmay_diced_spiral
D:8:      layout_basic, lemuel_round_altar, mainiacjoe_overflow_alcove_2,
          lair_entry_dummy, minmay_misc_feat_enclosed,
          nicolae_shop_overcharged_wands
D:9:      layout_loops_ring, gammafunk_ghost_smash, nicolae_stop_n_shop_2
D:10:     layout_grid_maze, bloody_makhleb, david_orc_4, serial_shops, shop,
          minmay_misc_feat_doors
D:11:     layout_rooms
D:12:     hangedman_screamer, layout_loops_ring
D:13:     layout_roguey [special_room_bee], ximxim_vaults_locker_room,
          uniq_nessos
D:14:     layout_rooms, gauntlet_entry_generic
D:15:     hangedman_depths_entry_civil_slaughter, layout_basic,
          nicolae_lava_and_water, cheibrodos_ashenzari_chains
Lair:1:   layout_hall_layers, uniq_nergalle
Lair:2:   layout_roguey, guppyfry_snake_entry_garden, nicolae_lair_lil_pond,
          small_statue_intersection
Lair:3:   layout_misc_corridors, minmay_shoals_entry_hut, serial_bayou_shore_a,
          grunt_megastairs_5, lemuel_fruit_fields
Lair:4:   layout_loops_ring, serial_bayou_shore_b
Lair:5:   cheibrodos_lair_end_hotspot, layout_gridlike,
          nicolae_slime_entry_field_trip, eino_small_chamber_without_monster,
          nicolae_quartered_pool_medium, serial_bayou_pond_c
Shoals:1: layout_shoals, regret_index_shoals_crete
Shoals:2: layout_shoals, serial_shops, shop_fountains,
          nicolae_shoals_isolated_beach
Shoals:3: layout_shoals, nicolae_shoals_wave_tunnel
Shoals:4: shoals_end_hellmonk_storm_palace [storm_palace_center_square,
          storm_palace_corner_altar, storm_palace_corner_pillars,
          storm_palace_corner_narrow, storm_palace_corner_blocked],
          uniq_mlioglotl
Snake:1:  layout_grid_maze, serial_bayou_shore_b, nicolae_integral_box,
          uniq_kirke
Snake:2:  layout_honeycomb, ebering_ghost_xom, basic_altar,
          serial_bayou_shore_b, lemuel_fruit_tree, uniq_nikola
Snake:3:  layout_onion, serial_shops, nicolae_shop_bloodbath_and_beyond,
          basic_altar, serial_bayou_shore_b, uniq_donald, uniq_aizul
Snake:4:  snake_pit, layout_cave_shapes, serial_shops, nicolae_shop_statue_plus
Slime:1:  layout_caves, nicolae_slime_phagocytosis
Slime:2:  layout_caves, nicolae_slime_round_cave
Slime:3:  layout_caves
Slime:4:  layout_caves, amcnicky_altar_lugonu_corruption
Slime:5
Orc:1:    layout_caves
Orc:2:    st_orc_town, layout_caves, portal_ice_cave_entry_pillars_2
Elf:1:    minmay_ambush_box, layout_onion_city, minmay_elf_demonology
Elf:2:    elven_hall_of_blades_hangedman_original
          [nicolae_blade_entry_sentries_behind_glass], layout_geoelf_diagonals,
          serial_shops, nicolae_shop_stone, basic_altar, lemuel_flamethrower_3
Elf:3:    elf_hall_gauntlet_narrow, layout_rooms, special_room
          [special_room_orc], serial_shops, shop, nicolae_shop_window_shopping,
          shop, nicolae_shop_industrial_runoff, shop, basic_altar
Vaults:1: nicolae_vaults_shrinking_rooms_2, dpeg_vaults_monster_box,
          nicolae_vaults_yaktaur_gun_rack, nicolae_vaults_tetromino_Z_1,
          nicolae_vaults_double_plus_1, nicolae_vaults_oval_intersection,
          v_misc_10, nicolae_vaults_taking_the_gang_shopping, st_smaller_cells,
          v_rooms_6, nicolae_vaults_oval_intersection,
          nicolae_vaults_tetromino_L_1, nicolae_vaults_variable_pillar_hall,
          layout_vaults_ring, serial_shops, shop, nicolae_lakefront_shop,
          nicolae_shop_statue_plus, shop, shop
Vaults:2: v_misc_2, minmay_crypt_entry_simple_box, v_pattern_3,
          hellmonk_guarded_unrand_gong, nicolae_vaults_mini_display_case,
          ontoclasm_vaults_fault, hangedman_vaults_stretched_pinwheel,
          vaults_dpeg_diagonal, nicolae_vaults_surprise_closet,
          nicolae_vaults_three_branches, vaults_dpeg_cross,
          layout_vaults_omnigrid
Vaults:3: nicolae_vaults_closet_pinwheel_6, nicolae_vaults_ninety_degrees,
          vaults_dpeg_spiral, nicolae_vaults_stairing_the_circle, v_misc_14,
          nicolae_vaults_tetromino_L_2, nicolae_vaults_mitosis,
          vaults_mumra_hex, vaults_room_hallway, layout_vaults_chaotic_city
Vaults:4: v_rooms_2, v_misc_22, ontoclasm_vaults_bender,
          ontoclasm_vaults_shuriken, nicolae_vaults_windows_and_doors_thing,
          v_rooms_1, nicolae_vaults_wine_cellar, ontoclasm_vaults_ring_small,
          v_rooms_4, nicolae_vaults_puzzle_piece, nicolae_vaults_gold_heap,
          nicolae_vaults_tetromino_Z_1, layout_vaults_omnibox
Vaults:5: serial_shops
Crypt:1:  layout_gridlike, hangedman_crypt_dual_shrines, uniq_xtahua,
          uniq_margery, uniq_sojobo
Crypt:2:  layout_gridlike, serial_sigils_hangedman_snap, st_stairs_12,
          grunt_ministairs_4, minivault_11
Crypt:3:  church_of_pain_bobbens, layout_chaotic_city,
          tomb_entry_forgotten_bobbens
Depths:1: layout_gridville, hellmouth_3, elyvilon_altar_5,
          kiku_gazebo_pond_becter
Depths:2: dreamdust_cat_pyramid, layout_long_grid, enter_ziggurat_a,
          nicolae_sextant, lightli_too_deep, rand_demon_pan_entry_9,
          kennysheep_another_room, lightli_fourway_metalbox,
          minmay_staircase_statues, uniq_bai_suzhen
Depths:3: minmay_connected_triangles_in_corner, layout_cave_pools,
          rand_demon_pan_entry_8, tso_metal_star, abyss_entry,
          hangedman_geh_valley, serial_shops, nicolae_shop_real_fake_doors,
          dreamdust_wishing_well
Depths:4: grunt_zot_entry_pinwheel, layout_basic, hangedman_coc_ice_floe,
          serial_rivers, chequers_serial_rivers_large_b,
          chequers_serial_rivers_large_a, chequers_serial_rivers_room_a,
          chequers_serial_rivers_micro_c, bh_walls_and_bars
Zot:1:    layout_twisted_circle
Zot:2:    layout_basic
Zot:3:    grunt_deathspiral_small, layout_onion_interference
Zot:4:    kennysheep_oblong_rooms, layout_concentric_octagons,
          grunt_megastairs_2
Zot:5:    layout_misc_corridors, nicolae_transmutations_shop

Skill      XL: |  1  2  3  4  5  6  7  8  9 10 11 12 13 14 15 16 17 18 19 20 21 22 23 24 25 26 27 |
---------------+----------------------------------------------------------------------------------+-----
Transmutations | 2 3 4 5 6 7 8 9 10 11 12 13 14 15 16 | 16.4
Spellcasting   | 5 6 7 8 9 10 11 12 13 14 15 16 17 18 19 | 19.7
Invocations    | 1 2 3 4 5 6 7 8 9 10 11 12 13 14 15 16 17 18 19 20 | 20.7
Fighting       | 1 2 3 4 5 6 7 8 9 10 11 12 13 14 15 16 17 18 19 | 19.1
Short Blades   | 1 2 3 4 5 6 7 8 9 10 11 12 13 14 15 16 17 18 19 | 19.1
Long Blades    | 1 2 3 4 5 6 7 8 9 10 11 12 13 14 15 16 17 18 19 | 19.1
Axes           | 1 2 3 4 5 6 7 8 9 10 11 12 13 14 15 16 17 18 19 | 19.1
Maces & Flails | 1 2 3 4 5 6 7 8 9 10 11 12 13 14 15 16 17 18 19 20 | 20.3
Polearms       | 1 2 3 4 5 6 7 8 9 10 11 12 13 14 15 16 17 18 19 | 19.1
Staves         | 1 2 3 4 5 6 7 8 9 10 11 12 13 14 15 16 17 18 19 | 19.1
Ranged Weapons | 1 2 3 4 5 6 7 8 9 10 11 12 13 14 15 16 17 18 19 | 19.1
Throwing       | 1 2 3 4 5 6 7 8 9 10 11 12 13 14 15 16 17 18 19 20 | 20.4
Armour         | 1 2 3 4 5 6 7 8 9 10 11 12 13 14 15 16 17 18 19 | 19.1
Shields        | 1 2 3 4 5 6 7 8 9 10 11 12 13 14 15 16 17 18 19 | 19.1
Unarmed Combat | 1 2 3 4 5 6 7 8 9 10 11 12 13 14 15 16 17 18 19 | 19.1
Evocations     | 1 2 3 4 5 6 7 8 9 10 11 12 13 14 15 16 17 18 19 | 19.1
Conjurations   | 1 2 3 4 5 6 7 8 9 10 11 12 13 14 15 16 | 16.3
Hexes          | 1 2 3 4 5 6 7 8 9 10 11 12 13 14 15 16 | 16.3
Summonings     | 1 2 3 4 5 6 7 8 9 10 11 12 13 14 15 16 | 16.3
Necromancy     | 1 2 3 4 5 6 7 8 9 10 11 12 13 14 15 16 | 16.3
Translocations | 1 2 3 4 5 6 7 8 9 10 11 12 13 14 15 16 | 16.3
Fire Magic     | 1 2 3 4 5 6 7 8 9 10 11 12 13 14 15 16 | 16.3
Ice Magic      | 1 2 3 4 5 6 7 8 9 10 11 12 13 14 15 16 | 16.3
Air Magic      | 1 2 3 4 5 6 7 8 9 10 11 12 13 14 15 16 | 16.3
Earth Magic    | 1 2 3 4 5 6 7 8 9 10 11 12 13 14 15 16 | 16.3
Dodging        | 5 6 7 8 9 10 11 12 13 14 15 16 17 18 19 | 19.6
Stealth        | 5 6 7 8 9 10 11 12 13 14 15 16 17 18 19 | 19.5
Poison Magic   | 6 7 8 9 10 11 12 13 14 15 16 17 | 17.1

Action                     |  1- 3 |  4- 6 |  7- 9 | 10-12 | 13-15 | 16-18 | 19-21 | 22-24 | 25-27 || total
---------------------------+-------+-------+-------+-------+-------+-------+-------+-------+-------++-------
  Melee: Unarmed           |     9 |       |     9 |       |       |       |       |       |       ||    18
         Spear             |    75 |   112 |   228 |       |       |   512 |   217 |       |       ||  1144
         Bite              |     6 |     7 |    36 |    66 |   119 |    90 |   105 |   235 |   181 ||   845
         Punch             |       |     1 |     5 |       |       |       |       |       |       ||     6
         Whip              |       |       |    56 |   364 |   186 |       |       |       |       ||   606
         Scimitar          |       |       |       |    52 |   461 |    67 |       |       |       ||   580
         Pseudopods        |       |       |       |       |   163 |       |    32 |   309 |   331 ||   835
         Long sword        |       |       |       |       |    57 |       |   133 |       |       ||   190
         Broad axe         |       |       |       |       |       |   184 |    10 |       |       ||   194
         Double sword      |       |       |       |       |       |       |     8 |   524 |       ||   532
         Rapier            |       |       |       |       |       |       |     1 |       |       ||     1
         Demon trident     |       |       |       |       |       |       |   550 |   512 |  1012 ||  2074
  Throw: Stone             |       |       |    27 |    55 |    17 |       |       |       |       ||    99
         Dart              |       |       |     1 |    60 |    48 |     4 |       |       |       ||   113
         Boomerang         |       |       |       |    69 |   116 |    96 |   348 |    20 |     1 ||   650
         Throwing net      |       |       |       |     1 |     1 |     2 |       |       |       ||     4
         Javelin           |       |       |       |       |       |    15 |     9 |     8 |     8 ||    40
   Cast: Sting             |    40 |    36 |    35 |       |     3 |       |       |       |       ||   114
         Poisonous Vapours |     3 |    19 |    33 |    15 |    19 |     2 |       |       |       ||    91
         Mephitic Cloud    |       |       |    11 |     8 |     2 |     2 |       |       |       ||    23
         Ignite Poison     |       |       |    10 |    12 |    12 |     4 |     1 |       |     1 ||    40
         Olgreb's Toxic Ra |       |       |    17 |    60 |    83 |    25 |     5 |     4 |     2 ||   196
         Blink             |       |       |     1 |       |     2 |       |     1 |     6 |    10 ||    20
         Cigotuvi's Dreadf |       |       |       |     1 |     1 |       |       |       |       ||     2
         Freezing Cloud    |       |       |       |       |    32 |    88 |    86 |    57 |    48 ||   311
         Summon Lightning  |       |       |       |       |    22 |    83 |    45 |    62 |    29 ||   241
         Summon Forest     |       |       |       |       |     4 |    11 |     4 |     6 |     3 ||    28
         Summon Cactus Gia |       |       |       |       |       |       |    10 |    25 |    18 ||    53
         Death Channel     |       |       |       |       |       |       |     8 |     8 |    17 ||    33
         Yara's Violent Un |       |       |       |       |       |       |    10 |    24 |    15 ||    49
         Dispel Undead     |       |       |       |       |       |       |       |    40 |    36 ||    76
         Orb of Destructio |       |       |       |       |       |       |       |     7 |     4 ||    11
 Invoke: Oozemancy         |       |       |       |       |     1 |     1 |       |     2 |     2 ||     6
         Slimify           |       |       |       |       |       |       |       |       |     1 ||     1
  Evoke: Wand              |       |    15 |    22 |    12 |    13 |    17 |    43 |     6 |    67 ||   195
         Lightning rod     |       |       |       |       |     5 |    15 |     7 |    16 |     9 ||    52
         Box of beasts     |       |       |       |       |       |     2 |     1 |     1 |     1 ||     5
         Tin of tremorston |       |       |       |       |       |     5 |     4 |     7 |     6 ||    22
         Phantom mirror    |       |       |       |       |       |     2 |       |     2 |       ||     4
    Use: Scroll            |     2 |     6 |     6 |     3 |    12 |     4 |    11 |     7 |    10 ||    61
         Potion            |     1 |       |     1 |       |     4 |     2 |     1 |     5 |    11 ||    25
   Stab: Invisible         |     1 |       |       |       |       |     4 |       |     2 |       ||     7
         Distracted        |       |     1 |     2 |       |     3 |    25 |    17 |    28 |    14 ||    90
         Sleeping          |       |     1 |     1 |       |     5 |     8 |    12 |     9 |     8 ||    44
         Paralysed         |       |       |     6 |     8 |     2 |       |     1 |       |       ||    17
         Confused          |       |       |       |     9 |    21 |    18 |    14 |    56 |    11 ||   129
         Betrayed ally     |       |       |       |       |     1 |       |       |       |     1 ||     2
 Armour: Robe              |     3 |     3 |    46 |   120 |   217 |   204 |   164 |   164 |       ||   921
         Leather armour    |    17 |    17 |       |       |       |       |       |       |       ||    34
         Pearl dragon scal |       |       |       |       |       |       |       |   149 |   482 ||   631
  Dodge: Dodged            |    66 |    64 |   134 |   223 |   478 |   497 |   641 |   736 |   601 ||  3440
         Repelled          |       |       |       |       |       |    34 |    28 |       |       ||    62
  Block: Buckler           |       |       |    18 |    89 |   213 |    47 |       |       |       ||   367
         Kite shield       |       |       |       |       |       |   405 |   560 |   798 |   664 ||  2427

Table legend: (Time is in decaauts)
 A = Elapsed time spent in this place.
 B = Non-inter-level travel time spent in this place.
 C = Inter-level travel time spent in this place.
 D = Time resting spent in this place.
 E = Time spent auto-exploring this place.
 F = Levels seen in this place.
 G = Mean time per level.
                   A        B        C        D        E       F      G
               +--------+--------+--------+--------+--------+-----+--------+
         Total |  59243 |  46039 |  13204 |   1528 |  22624 |  58 | 1021.4 |
       Dungeon |  18264 |  13049 |   5215 |    781 |   8813 |  15 | 1217.6 |
          Lair |   5930 |   4539 |   1391 |     46 |   3240 |   5 | 1186.0 |
        Shoals |   3640 |   3313 |    327 |      6 |   1535 |   4 |  910.0 |
     Snake Pit |   4164 |   3788 |    376 |    247 |   1982 |   4 | 1041.0 |
    Slime Pits |    580 |    397 |    183 |      0 |    237 |   5 |  116.0 |
  Orcish Mines |   2000 |   1350 |    650 |    100 |    653 |   2 | 1000.0 |
   Elven Halls |   3917 |   2909 |   1008 |     68 |    817 |   3 | 1305.7 |
        Vaults |   7452 |   5529 |   1923 |     61 |   1882 |   5 | 1490.4 |
         Crypt |   3130 |   2642 |    488 |      0 |    564 |   3 | 1043.3 |
        Depths |   4131 |   3186 |    945 |      0 |   1106 |   4 | 1032.8 |
           Zot |   4674 |   3981 |    693 |     13 |   1612 |   5 |  934.8 |
         Sewer |    419 |    419 |      0 |     64 |    153 |   1 |  419.0 |
      Ice Cave |    668 |    668 |      0 |    141 |     29 |   1 |  668.0 |
      Gauntlet |    268 |    268 |      0 |      0 |      0 |   1 |  268.0 |
               +--------+--------+--------+--------+--------+-----+--------+

Top non-repeatable levels by time:
    D:10: 1970 daAuts
Vaults:2: 1839 daAuts
Vaults:5: 1674 daAuts
     D:4: 1611 daAuts
     D:2: 1547 daAuts
Depths:4: 1520 daAuts
  Lair:5: 1482 daAuts
Vaults:1: 1476 daAuts
   Orc:2: 1467 daAuts
    D:13: 1416 daAuts
   Elf:1: 1412 daAuts
     D:9: 1344 daAuts
 Snake:2: 1331 daAuts
  Lair:2: 1318 daAuts
    D:12: 1312 daAuts

Table legend:
 A = Kills in this place as a percentage of kills in the entire game.
 B = Kills by you in this place as a percentage of kills by you in the entire game.
 C = Kills by friends in this place as a percentage of kills by friends in the entire game.
 D = Other kills in this place as a percentage of other kills in the entire game.
 E = Experience gained in this place as a percentage of experience gained in the entire game.
 F = Experience gained in this place divided by the number of levels of this place that you have seen.
                   A       B       C       D       E      F
               +-------+-------+-------+-------+-------+----------------------
         Total | 100.0 | 100.0 | 100.0 | 100.0 | 100.0 | 23900.8
       Dungeon |  17.2 |  19.8 |   2.1 |   3.8 |   5.4 | 4967.1
          Lair |   6.3 |   7.2 |   0.3 |   9.4 |   3.1 | 8674.4
        Shoals |   8.3 |   7.4 |  12.0 |  20.8 |   6.6 | 22857.2
     Snake Pit |   7.8 |   7.3 |  11.3 |   5.7 |   7.1 | 24631.0
  Orcish Mines |   4.9 |   5.7 |   0.0 |   0.0 |   1.1 | 7696.0
   Elven Halls |   9.4 |  10.0 |   3.8 |  17.0 |   9.7 | 44681.7
        Vaults |  14.2 |  13.3 |  20.9 |   9.4 |  20.8 | 57730.4
         Crypt |  10.7 |  10.0 |  14.7 |  13.2 |  13.4 | 62022.7
        Depths |   7.3 |   6.2 |  14.0 |   7.5 |  11.1 | 38381.0
           Zot |   9.9 |   9.7 |  11.0 |   9.4 |  20.6 | 57001.6
         Sewer |   1.3 |   1.5 |   0.0 |   0.0 |   0.0 | 192.0
      Ice Cave |   2.2 |   1.3 |   8.2 |   3.8 |   0.7 | 9194.0
      Gauntlet |   0.7 |   0.5 |   1.7 |   0.0 |   0.5 | 6340.0
               +-------+-------+-------+-------+-------+----------------------

Levels and vault maps discovered:
D:1:      lightli_arrival_maybe_door_vault, layout_basic, grunt_decor_one_mirror
D:2:      layout_basic, ebering_ecumenical_altar_ruins, roderic_roman_lattice,
          st_stairs_11, uniq_crazy_yiuf_cottage
D:3:      layout_loops_ring, minmay_overflow_temple_star_hex, uniq_terence,
          uniq_robin
D:4:      layout_loops_ring, grunt_temple_overflow_magic_moments,
          nicolae_wu_jian_immortal_techniques, uniq_duvessa, uniq_sigmund
D:5:      layout_loops_cross
D:6:      layout_loops_ring, lemuel_doored_altar,
          mainiacjoe_overflow_six_doors_small, serial_shops, shop,
          gup_sewer_entry_bowl
D:7:      layout_basic, temple_pool_b, minmay_misc_feat_tower,
          minmay_diced_spiral
D:8:      layout_basic, lemuel_round_altar, mainiacjoe_overflow_alcove_2,
          lair_entry_dummy, minmay_misc_feat_enclosed,
          nicolae_shop_overcharged_wands
D:9:      layout_loops_ring, gammafunk_ghost_smash, nicolae_stop_n_shop_2
D:10:     layout_grid_maze, bloody_makhleb, david_orc_4, serial_shops, shop,
          minmay_misc_feat_doors
D:11:     layout_rooms
D:12:     hangedman_screamer, layout_loops_ring
D:13:     layout_roguey [special_room_bee], ximxim_vaults_locker_room,
          uniq_nessos
D:14:     layout_rooms, gauntlet_entry_generic
D:15:     hangedman_depths_entry_civil_slaughter, layout_basic,
          nicolae_lava_and_water, cheibrodos_ashenzari_chains
Lair:1:   layout_hall_layers, uniq_nergalle
Lair:2:   layout_roguey, guppyfry_snake_entry_garden, nicolae_lair_lil_pond,
          small_statue_intersection
Lair:3:   layout_misc_corridors, minmay_shoals_entry_hut, serial_bayou_shore_a,
          grunt_megastairs_5, lemuel_fruit_fields
Lair:4:   layout_loops_ring, serial_bayou_shore_b
Lair:5:   cheibrodos_lair_end_hotspot, layout_gridlike,
          nicolae_slime_entry_field_trip, eino_small_chamber_without_monster,
          nicolae_quartered_pool_medium, serial_bayou_pond_c
Shoals:1: layout_shoals, regret_index_shoals_crete
Shoals:2: layout_shoals, serial_shops, shop_fountains,
          nicolae_shoals_isolated_beach
Shoals:3: layout_shoals, nicolae_shoals_wave_tunnel
Shoals:4: shoals_end_hellmonk_storm_palace [storm_palace_center_square,
          storm_palace_corner_altar, storm_palace_corner_pillars,
          storm_palace_corner_narrow, storm_palace_corner_blocked],
          uniq_mlioglotl
Snake:1:  layout_grid_maze, serial_bayou_shore_b, nicolae_integral_box,
          uniq_kirke
Snake:2:  layout_honeycomb, ebering_ghost_xom, basic_altar,
          serial_bayou_shore_b, lemuel_fruit_tree, uniq_nikola
Snake:3:  layout_onion, serial_shops, nicolae_shop_bloodbath_and_beyond,
          basic_altar, serial_bayou_shore_b, uniq_donald, uniq_aizul
Snake:4:  snake_pit, layout_cave_shapes, serial_shops, nicolae_shop_statue_plus
Slime:1:  layout_caves, nicolae_slime_phagocytosis
Slime:2:  layout_caves, nicolae_slime_round_cave
Slime:3:  layout_caves
Slime:4:  layout_caves, amcnicky_altar_lugonu_corruption
Slime:5
Orc:1:    layout_caves
Orc:2:    st_orc_town, layout_caves, portal_ice_cave_entry_pillars_2
Elf:1:    minmay_ambush_box, layout_onion_city, minmay_elf_demonology
Elf:2:    elven_hall_of_blades_hangedman_original
          [nicolae_blade_entry_sentries_behind_glass], layout_geoelf_diagonals,
          serial_shops, nicolae_shop_stone, basic_altar, lemuel_flamethrower_3
Elf:3:    elf_hall_gauntlet_narrow, layout_rooms, special_room
          [special_room_orc], serial_shops, shop, nicolae_shop_window_shopping,
          shop, nicolae_shop_industrial_runoff, shop, basic_altar
Vaults:1: nicolae_vaults_shrinking_rooms_2, dpeg_vaults_monster_box,
          nicolae_vaults_yaktaur_gun_rack, nicolae_vaults_tetromino_Z_1,
          nicolae_vaults_double_plus_1, nicolae_vaults_oval_intersection,
          v_misc_10, nicolae_vaults_taking_the_gang_shopping, st_smaller_cells,
          v_rooms_6, nicolae_vaults_oval_intersection,
          nicolae_vaults_tetromino_L_1, nicolae_vaults_variable_pillar_hall,
          layout_vaults_ring, serial_shops, shop, nicolae_lakefront_shop,
          nicolae_shop_statue_plus, shop, shop
Vaults:2: v_misc_2, minmay_crypt_entry_simple_box, v_pattern_3,
          hellmonk_guarded_unrand_gong, nicolae_vaults_mini_display_case,
          ontoclasm_vaults_fault, hangedman_vaults_stretched_pinwheel,
          vaults_dpeg_diagonal, nicolae_vaults_surprise_closet,
          nicolae_vaults_three_branches, vaults_dpeg_cross,
          layout_vaults_omnigrid
Vaults:3: nicolae_vaults_closet_pinwheel_6, nicolae_vaults_ninety_degrees,
          vaults_dpeg_spiral, nicolae_vaults_stairing_the_circle, v_misc_14,
          nicolae_vaults_tetromino_L_2, nicolae_vaults_mitosis,
          vaults_mumra_hex, vaults_room_hallway, layout_vaults_chaotic_city
Vaults:4: v_rooms_2, v_misc_22, ontoclasm_vaults_bender,
          ontoclasm_vaults_shuriken, nicolae_vaults_windows_and_doors_thing,
          v_rooms_1, nicolae_vaults_wine_cellar, ontoclasm_vaults_ring_small,
          v_rooms_4, nicolae_vaults_puzzle_piece, nicolae_vaults_gold_heap,
          nicolae_vaults_tetromino_Z_1, layout_vaults_omnibox
Vaults:5: serial_shops
Crypt:1:  layout_gridlike, hangedman_crypt_dual_shrines, uniq_xtahua,
          uniq_margery, uniq_sojobo
Crypt:2:  layout_gridlike, serial_sigils_hangedman_snap, st_stairs_12,
          grunt_ministairs_4, minivault_11
Crypt:3:  church_of_pain_bobbens, layout_chaotic_city,
          tomb_entry_forgotten_bobbens
Depths:1: layout_gridville, hellmouth_3, elyvilon_altar_5,
          kiku_gazebo_pond_becter
Depths:2: dreamdust_cat_pyramid, layout_long_grid, enter_ziggurat_a,
          nicolae_sextant, lightli_too_deep, rand_demon_pan_entry_9,
          kennysheep_another_room, lightli_fourway_metalbox,
          minmay_staircase_statues, uniq_bai_suzhen
Depths:3: minmay_connected_triangles_in_corner, layout_cave_pools,
          rand_demon_pan_entry_8, tso_metal_star, abyss_entry,
          hangedman_geh_valley, serial_shops, nicolae_shop_real_fake_doors,
          dreamdust_wishing_well
Depths:4: grunt_zot_entry_pinwheel, layout_basic, hangedman_coc_ice_floe,
          serial_rivers, chequers_serial_rivers_large_b,
          chequers_serial_rivers_large_a, chequers_serial_rivers_room_a,
          chequers_serial_rivers_micro_c, bh_walls_and_bars
Zot:1:    layout_twisted_circle
Zot:2:    layout_basic
Zot:3:    grunt_deathspiral_small, layout_onion_interference
Zot:4:    kennysheep_oblong_rooms, layout_concentric_octagons,
          grunt_megastairs_2
Zot:5:    layout_misc_corridors, nicolae_transmutations_shop
